Workbook
Name _Toc224153542: 'ESPECIFICACIONES TECNICAS'!$F$61
Name _Toc224153544: 'ESPECIFICACIONES TECNICAS'!$F$87
Name _Toc224153545: 'ESPECIFICACIONES TECNICAS'!$F$90
Name _Toc224153546: 'ESPECIFICACIONES TECNICAS'!$F$91
Name _Toc224153548: 'ESPECIFICACIONES TECNICAS'!$F$131
Name _Toc224153549: 'ESPECIFICACIONES TECNICAS'!$F$140
Name _Toc224153550: 'ESPECIFICACIONES TECNICAS'!$F$148
Name _Toc224153556: 'ESPECIFICACIONES TECNICAS'!#REF!
Name _Toc224153562: 'ESPECIFICACIONES TECNICAS'!$F$236
Name _Toc224153568: 'ESPECIFICACIONES TECNICAS'!$E$285
Name _Toc224153572: 'ESPECIFICACIONES TECNICAS'!$F$341
Name _Toc224153575: 'ESPECIFICACIONES TECNICAS'!$F$371

Sheet ESPECIFICACIONES TECNICAS
A2: Rev | B2: conteo | C2: ITEM | K2: Cotización 1 | M2: Cotización 2 | O2: Cotización 3 | Q2: TOMA DE DECISIONES | X2: RELACIÓN COTIZACIONES
D3: CARPETA | E3: MATERIALES E INSUMOS | F3: DESCRIPCIÓN | G3: CANTIDAD | H3: Unidad de medida | I3: Tiempo | J3: Unidad de medida | K3: Valor unitario sin IVA | L3: Valor total Sin IVA | M3: Valor unitario sin IVA | N3: Valor total Sin IVA | O3: Valor unitario sin IVA | P3: Valor total Sin IVA | Q3: PROMEDIO UNITARIO | R3: TOTAL PROMEDIO SIN IVA | S3: DESVIACIÓN ESTANDAR | T3: COEFICIENTE DE VARIACIÓN PROMEDIO | U3: MEDIANA UNITARIO | V3: TOTAL MEDIANA SIN IVA | W3: COEFICIENTE DE VARIACIÓN MEDIANA | X3: Cotización 1 | Y3: Cotización 2 | Z3: Cotización 3
A4: TH | C4: 1 | D4: 1 | E4: coordinador(a) general | F4: Profesional en Ciencias Humanas, Sociales, Administrativas, Educación o afines, con posgrado en Gerencia social, experiencia mínima de 3 años en coordinación de proyectos sociales | G4: 1 | H4: persona | I4: 6 | J4: meses | K4: 7996001 | L4: =+K4*G4*I4 -> 47976006 | Q4: =+AVERAGE(K4,M4,O4) -> 7996001 | R4: =+Q4*G4*I4 -> 47976006 | S4: =_xlfn.STDEV.P(K4,M4,O4) -> 0 | T4: =+S4/Q4 -> 0 | U4: =+MEDIAN(K4,M4,O4) -> 7996001 | V4: =+U4*G4*I4 -> 47976006 | W4: =+S4/U4 -> 0 | X4: TABLA DE HONORARIOS DE LA SECRETARIA DISTRITAL DE GOBIERNO
A5: TH | B5: =+COUNT(K5,M5,O5) -> 1 | C5: 2 | D5: 2 | E5: Profesional administrativo | F5: Profesional en Administración, Contaduría, Economía o áreas afines. Experiencia: Mínimo dos (2) años en apoyo administrativo y/o financiero en la ejecución de proyectos, manejo de bases de datos, control documental, elaboración de informes y seguimiento de información. | G5: 1 | H5: persona | I5: 6 | J5: meses | K5: 5860001 | L5: =+K5*G5*I5 -> 35160006 | Q5: =+AVERAGE(K5,M5,O5) -> 5860001 | R5: =+Q5*G5*I5 -> 35160006 | S5: =_xlfn.STDEV.P(K5,M5,O5) -> 0 | T5: =+S5/Q5 -> 0 | U5: =+MEDIAN(K5,M5,O5) -> 5860001 | V5: =+U5*G5*I5 -> 35160006 | W5: =+S5/U5 -> 0 | X5: TABLA DE HONORARIOS DE LA SECRETARIA DISTRITAL DE GOBIERNO
A6: TH | B6: =+COUNT(K6,M6,O6) -> 1 | C6: 3 | D6: 3 | E6: Profesional en Comunicación Social | F6: Profesional en Comunicación Social, Audiovisual o áreas afines. Experiencia: Mínimo dos (2) años en procesos comunitarios, producción de contenidos y estrategias comunicativas con enfoque social o de género. Deberá liderar la estrategia de comunicación, producción de contenidos y difusión. | G6: 1 | H6: persona | I6: 6 | J6: meses | K6: 5860001 | L6: =+K6*G6*I6 -> 35160006 | Q6: =+AVERAGE(K6,M6,O6) -> 5860001 | R6: =+Q6*G6*I6 -> 35160006 | S6: =_xlfn.STDEV.P(K6,M6,O6) -> 0 | T6: =+S6/Q6 -> 0 | U6: =+MEDIAN(K6,M6,O6) -> 5860001 | V6: =+U6*G6*I6 -> 35160006 | W6: =+S6/U6 -> 0 | X6: TABLA DE HONORARIOS DE LA SECRETARIA DISTRITAL DE GOBIERNO
A7: TH | B7: =+COUNT(K7,M7,O7) -> 1 | C7: 4 | D7: 4 | E7: PROFESIONAL PSICOSOCIAL | F7: Profesional en Psicología, Trabajo Social o áreas afines. Experiencia mínima de dos (2) años en acompañamiento psicosocial, intervención comunitaria o trabajo con población vulnerable, preferiblemente con mujeres. Deberá apoyar procesos de bienestar emocional, orientación y manejo de situaciones sensibles durante el desarrollo de las actividades | G7: 1 | H7: persona | I7: 6 | J7: meses | K7: 5860001 | L7: =+K7*G7*I7 -> 35160006 | Q7: =+AVERAGE(K7,M7,O7) -> 5860001 | R7: =+Q7*G7*I7 -> 35160006 | S7: =_xlfn.STDEV.P(K7,M7,O7) -> 0 | T7: =+S7/Q7 -> 0 | U7: =+MEDIAN(K7,M7,O7) -> 5860001 | V7: =+U7*G7*I7 -> 35160006 | W7: =+S7/U7 -> 0 | X7: TABLA DE HONORARIOS DE LA SECRETARIA DISTRITAL DE GOBIERNO
A8: TH | B8: =+COUNT(K8,M8,O8) -> 1 | C8: 5 | D8: 5 | E8: PROFESIONAL DE SEGUIMIENTO Y EVALUACIÓN | F8: Profesional en áreas sociales, administrativas o económicas. Experiencia mínima de dos (2) años en seguimiento, monitoreo o evaluación de proyectos. Responsable del diseño de instrumentos, consolidación de información, indicadores y elaboración de informes. | G8: 1 | H8: persona | I8: 6 | J8: meses | K8: 5860001 | L8: =+K8*G8*I8 -> 35160006 | Q8: =+AVERAGE(K8,M8,O8) -> 5860001 | R8: =+Q8*G8*I8 -> 35160006 | S8: =_xlfn.STDEV.P(K8,M8,O8) -> 0 | T8: =+S8/Q8 -> 0 | U8: =+MEDIAN(K8,M8,O8) -> 5860001 | V8: =+U8*G8*I8 -> 35160006 | W8: =+S8/U8 -> 0 | X8: TABLA DE HONORARIOS DE LA SECRETARIA DISTRITAL DE GOBIERNO
A9: TH | B9: =+COUNT(K9,M9,O9) -> 1 | C9: 6 | D9: 6 | E9: gestores/as de inscripción | F9: Técnica en áreas sociales, administrativas o de la salud, con 1 año de experiencia en actividades comunitarias o de inscripción en proyectos sociales. Con habilidades en atención al público, manejo de bases de datos y uso de herramientas digitales. | G9: 12 | H9: persona | I9: 2 | J9: meses | K9: 3224001 | L9: =+K9*G9*I9 -> 77376024 | Q9: =+AVERAGE(K9,M9,O9) -> 3224001 | R9: =+Q9*G9*I9 -> 77376024 | S9: =_xlfn.STDEV.P(K9,M9,O9) -> 0 | T9: =+S9/Q9 -> 0 | U9: =+MEDIAN(K9,M9,O9) -> 3224001 | V9: =+U9*G9*I9 -> 77376024 | W9: =+S9/U9 -> 0 | X9: TABLA DE HONORARIOS DE LA SECRETARIA DISTRITAL DE GOBIERNO
A10: TH | B10: =+COUNT(K10,M10,O10) -> 1 | C10: 7 | D10: 7 | E10: Diseñador (a) gráfico | F10: Profesional en Diseño Gráfico o áreas afines. Experiencia: Mínimo 1 año en diseño de piezas digitales e infografías; experiencia en visualización de información o mapas. Acreditación: Diploma o acta de grado y portafolio. Funciones: Diseño del mapa digital, diagramación de la información georreferenciada y adaptación a lineamientos institucionales. | G10: 3 | H10: persona | I10: 6 | J10: meses | K10: 5114001 | L10: =+K10*G10*I10 -> 92052018 | Q10: =+AVERAGE(K10,M10,O10) -> 5114001 | R10: =+Q10*G10*I10 -> 92052018 | S10: =_xlfn.STDEV.P(K10,M10,O10) -> 0 | T10: =+S10/Q10 -> 0 | U10: =+MEDIAN(K10,M10,O10) -> 5114001 | V10: =+U10*G10*I10 -> 92052018 | W10: =+S10/U10 -> 0 | X10: TABLA DE HONORARIOS DE LA SECRETARIA DISTRITAL DE GOBIERNO
A11: TH | B11: =+COUNT(K11,M11,O11) -> 1 | C11: 8 | D11: 8 | E11: community manager | F11: profesional en comunicación digital, diseño o afines. Experiencia mínima de un (1) año en gestión de redes sociales, análisis de métricas, posicionamiento digital y difusión de campañas sociales con enfoque comunitario. | G11: 1 | H11: persona | I11: 6 | J11: meses | K11: 5114001 | L11: =+K11*G11*I11 -> 30684006 | Q11: =+AVERAGE(K11,M11,O11) -> 5114001 | R11: =+Q11*G11*I11 -> 30684006 | S11: =_xlfn.STDEV.P(K11,M11,O11) -> 0 | T11: =+S11/Q11 -> 0 | U11: =+MEDIAN(K11,M11,O11) -> 5114001 | V11: =+U11*G11*I11 -> 30684006 | W11: =+S11/U11 -> 0 | X11: TABLA DE HONORARIOS DE LA SECRETARIA DISTRITAL DE GOBIERNO
A12: TH | B12: =+COUNT(K12,M12,O12) -> 3 | C12: 9 | D12: 9 | E12: Lenguaje de señas | F12: Certificación vigente en interpretación de LSC. Experiencia de 1 año en eventos. | G12: 2 | H12: persona | I12: 2 | J12: presentación | K12: 520000 | L12: =+K12*G12*I12 -> 2080000 | M12: =(455000*5.35%)+455000 -> 479342.5 | N12: =+M12*I12*G12 -> 1917370 | O12: =(500000*5.35%)+500000 -> 526750 | P12: =+O12*I12*G12 -> 2107000 | Q12: =+AVERAGE(K12,M12,O12) -> 508697.5 | R12: =+Q12*G12*I12 -> 2034790 | S12: =_xlfn.STDEV.P(K12,M12,O12) -> 20939.24 | T12: =+S12/Q12 -> 0.041162459 | U12: =+MEDIAN(K12,M12,O12) -> 520000 | V12: =+U12*G12*I12 -> 2080000 | W12: =+S12/U12 -> 0.040267769 | X12: CORPOINDECOL | Y12: MEDICOS SIN FORNTERAS | Z12: ANIMAL CITY
A13: TH | B13: =+COUNT(K13,M13,O13) -> 1 | C13: 10 | D13: 11 | E13: Profesional social | F13: Perfil: Profesional en Trabajo Social, Psicología, Sociología, Ciencia Política o áreas afines. Experiencia: Mínimo dos (2) años en intervención comunitaria con población vulnerable, especialmente mujeres, en procesos de acompañamiento social y fortalecimiento de capacidades con enfoque de género y derechos. Acreditación: Diploma o acta de grado y certificaciones de experiencia relacionada. | G13: 2 | H13: persona | I13: 6 | J13: meses | K13: 5860001 | L13: =+K13*G13*I13 -> 70320012 | Q13: =+AVERAGE(K13,M13,O13) -> 5860001 | R13: =+Q13*G13*I13 -> 70320012 | S13: =_xlfn.STDEV.P(K13,M13,O13) -> 0 | T13: =+S13/Q13 -> 0 | U13: =+MEDIAN(K13,M13,O13) -> 5860001 | V13: =+U13*G13*I13 -> 70320012 | W13: =+S13/U13 -> 0 | X13: TABLA DE HONORARIOS DE LA SECRETARIA DISTRITAL DE GOBIERNO
A14: 1 | F14: Meta 2 - 2026: Vincular 400 mujeres para el ejercicio de derechos y el fortalecimiento de su autonomía económica
A15: TH | B15: =+COUNT(K15,M15,O15) -> 1 | C15: 11 | D15: 10 | E15: Coordinador de la meta | F15: Perfil: Profesional en áreas sociales, económicas, administrativas o afines. Experiencia: Mínimo tres (3) años en coordinación de proyectos sociales o de desarrollo económico, con experiencia en trabajo con población vulnerable, especialmente mujeres, y en procesos de fortalecimiento de capacidades con enfoque de género. Acreditación: Diploma o acta de grado y certificaciones de experiencia relacionada. | G15: 1 | H15: persona | I15: 4 | J15: meses | K15: 5860001 | L15: =+K15*G15*I15 -> 23440004 | Q15: =+AVERAGE(K15,M15,O15) -> 5860001 | R15: =+Q15*G15*I15 -> 23440004 | S15: =_xlfn.STDEV.P(K15,M15,O15) -> 0 | T15: =+S15/Q15 -> 0 | U15: =+MEDIAN(K15,M15,O15) -> 5860001 | V15: =+U15*G15*I15 -> 23440004 | W15: =+S15/U15 -> 0 | X15: TABLA DE HONORARIOS DE LA SECRETARIA DISTRITAL DE GOBIERNO
A16: TH | B16: =+COUNT(K16,M16,O16) -> 1 | C16: 12 | D16: 13 | E16: Profesional en emprendimiento | F16: Perfil: Profesional en Administración, Economía, Contaduría, Ingeniería Industrial, Mercadeo o áreas afines. Experiencia: Mínimo dos (2) años en fortalecimiento de emprendimientos o generación de ingresos, con población vulnerable, especialmente mujeres, promoviendo autonomía económica con enfoque de género. Acreditación: Diploma o acta de grado y certificaciones de experiencia relacionada. | G16: 1 | H16: persona | I16: 4 | J16: meses | K16: 5860001 | L16: =+K16*G16*I16 -> 23440004 | Q16: =+AVERAGE(K16,M16,O16) -> 5860001 | R16: =+Q16*G16*I16 -> 23440004 | S16: =_xlfn.STDEV.P(K16,M16,O16) -> 0 | T16: =+S16/Q16 -> 0 | U16: =+MEDIAN(K16,M16,O16) -> 5860001 | V16: =+U16*G16*I16 -> 23440004 | W16: =+S16/U16 -> 0 | X16: TABLA DE HONORARIOS DE LA SECRETARIA DISTRITAL DE GOBIERNO
A17: 1 | F17: COMPONENTE 1 – PP 54149 DDifMujer. Apoyo económico para mujeres en vulnerabilidad económica, que contribuya a la reducción de la feminización de la pobreza.
A18: 1 | F18: Entrega de apoyos económicos para fortalecimiento productivo
A19: C | B19: =+COUNT(K19,M19,O19) -> 3 | C19: 13 | D19: 15 | E19: BONO TIPO 1 | F19: Valor simbolico en dinero por $5.000.000 libre de impuestos | G19: 50 | H19: unidad | K19: =+(5950000*100)/119 -> 5000000 | L19: =K19*G19 -> 250000000 | M19: =+(5950000*100)/119 -> 5000000 | N19: =+M19*G19 -> 250000000 | O19: =+(5950000*100)/119 -> 5000000 | P19: =+O19*G19 -> 250000000 | Q19: =+AVERAGE(K19,M19,O19) -> 5000000 | R19: =+Q19*G19 -> 250000000 | S19: =_xlfn.STDEV.P(K19,M19,O19) -> 0 | T19: =+S19/Q19 -> 0 | U19: =+MEDIAN(K19,M19,O19) -> 5000000 | V19: =+U19*G19 -> 250000000 | W19: =+S19/U19 -> 0 | X19: BONO | Y19: BONO | Z19: BONO
A20: C | B20: =+COUNT(K20,M20,O20) -> 3 | C20: 14 | D20: 16 | E20: BONO TIPO 2 | F20: Valor simbolico en dinero por $1.000.000 libre de impuestos | G20: 50 | H20: unidad | K20: =+(1190000*100)/119 -> 1000000 | L20: =K20*G20 -> 50000000 | M20: =+(1190000*100)/119 -> 1000000 | N20: =+M20*G20 -> 50000000 | O20: =+(1190000*100)/119 -> 1000000 | P20: =+O20*G20 -> 50000000 | Q20: =+AVERAGE(K20,M20,O20) -> 1000000 | R20: =+Q20*G20 -> 50000000 | S20: =_xlfn.STDEV.P(K20,M20,O20) -> 0 | T20: =+S20/Q20 -> 0 | U20: =+MEDIAN(K20,M20,O20) -> 1000000 | V20: =+U20*G20 -> 50000000 | W20: =+S20/U20 -> 0 | X20: BONO | Y20: BONO | Z20: BONO
A21: C | B21: =+COUNT(K21,M21,O21) -> 3 | C21: 15 | D21: 17 | E21: Alquiler Espacio de Formación | F21: Alquiler de salon comunal con aforo para minimo (25 - 50 personas), con todo el equipamiento tecnologico (sonido, proyector, microfonos), silleteria, espacio para alimentacion minimo uno (1) baño para el desarrollo del fortalecimiento | G21: 20 | H21: sesiones | I21: 2 | J21: horas | K21: 0 | L21: =+K21*G21*I21 -> 0 | M21: 200000 | N21: =+M21*I21*G21 -> 8000000 | O21: 350000 | P21: =+O21*I21*G21 -> 14000000 | Q21: =+AVERAGE(M21,O21) -> 275000 | R21: =+Q21*G21*I21 -> 11000000 | S21: =_xlfn.STDEV.P(M21,O21) -> 75000 | T21: =+S21/Q21 -> 0.27272727 | U21: =+MEDIAN(M21,O21) -> 275000 | V21: =+U21*G21*I21 -> 11000000 | W21: =+S21/U21 -> 0.27272727 | Y21: FUNDACION GESTION SOCIAL CON PROPOSITO | Z21: ASESOL
A22: TH | B22: =+COUNT(K22,M22,O22) -> 1 | C22: 16 | D22: 18 | E22: Profesional formador con enfoque en emprendimiento y género | F22: Perfil: Profesional en áreas administrativas, económicas, sociales o afines. Experiencia: Mínimo dos (2) años en formación a población vulnerable, especialmente mujeres, en fortalecimiento de emprendimientos o generación de ingresos, con conocimientos en enfoque de género, derechos de las mujeres y metodologías participativas. Acreditación: Diploma o acta de grado y certificaciones de experiencia relacionada. | G22: 2 | H22: persona | I22: 10 | J22: sesión | K22: =+(5860001/30) -> 195333.37 | L22: =+K22*G22*I22 -> 3906667.3 | Q22: =+AVERAGE(K22,M22,O22) -> 195333.37 | R22: =+Q22*G22*I22 -> 3906667.3 | S22: =_xlfn.STDEV.P(K22,M22,O22) -> 0 | T22: =+S22/Q22 -> 0 | U22: =+MEDIAN(K22,M22,O22) -> 195333.37 | V22: =+U22*G22*I22 -> 3906667.3 | W22: =+S22/U22 -> 0 | X22: TABLA DE HONORARIOS DE LA SECRETARIA DISTRITAL DE GOBIERNO
A23: C | B23: =+COUNT(K23,M23,O23) -> 3 | C23: 17 | D23: 19 | E23: Estacion de Café | F23: Servicio de cafetería (tinto, aromática y agua): Operario + presentación mesa + vasos de cartón bebida caliente 4 oz. + mezclador + azúcar + crema para café+snack Para: 100 personas Duración del evento aprox. 6 horas. Transporte incluido | G23: 1 | H23: unidad | I23: 20 | J23: sesión | K23: =+(874650*100)/119 -> 735000 | L23: =+K23*G23*I23 -> 14700000 | M23: =+(1276560*100)/119 -> 1072739.5 | N23: =+M23*I23*G23 -> 21454790 | O23: =+(1480000*100)/119 -> 1243697.5 | P23: =+O23*I23*G23 -> 24873950 | Q23: =+AVERAGE(K23,M23,O23) -> 1017145.7 | R23: =+Q23*G23*I23 -> 20342913 | S23: =_xlfn.STDEV.P(K23,M23,O23) -> 211362.7 | T23: =+S23/Q23 -> 0.20779984 | U23: =+MEDIAN(K23,M23,O23) -> 1072739.5 | V23: =+U23*G23*I23 -> 21454790 | W23: =+S23/U23 -> 0.19703078 | X23: COPAE | Y23: el cafetal | Z23: La Vittoria
A24: C | B24: =+COUNT(K24,M24,O24) -> 3 | C24: 18 | D24: 20 | E24: Alquiler Espacio de Formación | F24: Alquiler de espacio comunitario y social con aforo para minimo (100 - 200 personas), con todo el equipamiento tecnologico (sonido, proyector, microfonos), silleteria, espacio para alimentacion minimo dos (2) baño para el desarrollo del fortalecimiento | G24: 1 | H24: unidad | I24: 1 | J24: día | K24: 0 | L24: =+K24*G24*I24 -> 0 | M24: 700000 | N24: =+M24*I24*G24 -> 700000 | O24: 750000 | P24: =+O24*I24*G24 -> 750000 | Q24: =+AVERAGE(M24,O24) -> 725000 | R24: =+Q24*G24*I24 -> 725000 | S24: =_xlfn.STDEV.P(M24,O24) -> 25000 | T24: =+S24/Q24 -> 0.034482759 | U24: =+MEDIAN(K24,M24,O24) -> 700000 | V24: =+U24*G24*I24 -> 700000 | W24: =+S24/U24 -> 0.035714286 | Y24: FUNDACION GESTION SOCIAL CON PROPOSITO | Z24: ASESOL
A25: TH | B25: =+COUNT(K25,M25,O25) -> 1 | C25: 19 | D25: 21 | E25: Maestro/a de Ceremonias | F25: Perfil: Técnico o profesional en comunicación, locución o áreas afines. Experiencia: Mínimo un (1) año en conducción de eventos sociales o comunitarios, preferiblemente en actividades dirigidas a población vulnerable, con enfoque inclusivo y de género. Acreditación: Certificado de estudios y certificaciones de experiencia. | G25: 1 | H25: persona | I25: 1 | J25: día | K25: =+(3224001/30) -> 107466.7 | L25: =+K25*G25*I25 -> 107466.7 | Q25: =+AVERAGE(K25,M25,O25) -> 107466.7 | R25: =+Q25*G25*I25 -> 107466.7 | S25: =_xlfn.STDEV.P(K25,M25,O25) -> 0 | T25: =+S25/Q25 -> 0 | U25: =+MEDIAN(K25,M25,O25) -> 107466.7 | V25: =+U25*G25*I25 -> 107466.7 | W25: =+S25/U25 -> 0 | X25: TABLA DE HONORARIOS DE LA SECRETARIA DISTRITAL DE GOBIERNO
A26: C | B26: =+COUNT(K26,M26,O26) -> 3 | C26: 20 | D26: 22 | E26: Estacion de Café | F26: Servicio de cafetería (tinto, aromática y agua): Operario + presentación mesa + vasos de cartón bebida caliente 4 oz. + mezclador + azúcar + crema para café+snack Para: 200 personas Duración del evento aprox. 6 horas. Transporte incluido | G26: 1 | H26: unidad | I26: 1 | J26: día | K26: =+(1180050*100)/119 -> 991638.66 | L26: =+K26*G26*I26 -> 991638.66 | M26: =+(2553120*100)/119 -> 2145479 | N26: =+M26*I26*G26 -> 2145479 | O26: =+(2680000*100)/119 -> 2252100.8 | P26: =+O26*I26*G26 -> 2252100.8 | Q26: =+AVERAGE(K26,M26,O26) -> 1796406.2 | R26: =+Q26*G26*I26 -> 1796406.2 | S26: =_xlfn.STDEV.P(K26,M26,O26) -> 570718.91 | T26: =+S26/Q26 -> 0.31770037 | U26: =+MEDIAN(K26,M26,O26) -> 2145479 | V26: =+U26*G26*I26 -> 2145479 | W26: =+S26/U26 -> 0.26601002 | X26: CORPAE | Y26: el cafetal | Z26: La Vittoria
A27: C | B27: =+COUNT(K27,M27,O27) -> 3 | C27: 21 | D27: 23 | E27: Refrigerio | F27: PRODUCTO SÓLIDO PRINCIPAL: Un (1) sándwich tipo baguette de jamón, queso, lechuga y salsas de 250 gr; y/o un (1) sándwich tipo baguette de pollo, lechuga y salsas de 250 gr; y/o un (1) perro caliente de mínimo 14 cm. COMPLEMENTO: Un (1) brownie de mínimo 80 gr. BEBIDA: Un (1) jugo natural de fruta, mínimo 200 ml, sin adición de azúcar, conservantes, colorantes ni saborizantes artificiales, entregado en envase individual apto para consumo. FRUTA DE TEMPORADA: Una (1) porción de fruta de mínimo 120 gr, como manzana, pera, banano, mango, pitaya, granadilla u otra fruta de temporada. Nota: No se permiten bebidas azucaradas, gaseosas ni productos ultraprocesados. El refrigerio deberá entregarse en empaque individual, en bandeja elaborada en cartón 100% reciclable y biodegradable, ser balanceado y cumplir con la normatividad vigente en cuanto a condiciones organolépticas, conservación, transporte y entrega en el sitio de las reuniones. | G27: 110 | H27: unidad | K27: =+(18000*100)/119 -> 15126.05 | L27: =K27*G27 -> 1663865.5 | M27: =+(19500*100)/119 -> 16386.555 | N27: =G27*M27 -> 1802521 | O27: =+(18500*100)/119 -> 15546.218 | P27: =G27*O27 -> 1710084 | Q27: =+AVERAGE(K27,M27,O27) -> 15686.275 | R27: =+Q27*G27 -> 1725490.2 | S27: =_xlfn.STDEV.P(K27,M27,O27) -> 524.04165 | T27: =+S27/Q27 -> 0.033407655 | U27: =+MEDIAN(K27,M27,O27) -> 15546.218 | V27: =+U27*G27 -> 1710084 | W27: =+S27/U27 -> 0.033708625 | X27: BETTY CAMPOS MORALES | Y27: MANUFACTURAS ALIMENTICIAS | Z27: YARA ALIMENTOS
A28: TH | B28: =+COUNT(K28,M28,O28) -> 1 | C28: 22 | D28: 24 | E28: Auxiliar logístico | F28: Perfil: Bachiller o técnico. Experiencia: Mínimo seis (6) meses en apoyo logístico de eventos, desarrollo de actividades operativas del evento como entrega de incentivos, logística, registro y atención a participantes. Acreditación: Certificado de estudios y/o certificaciones de experiencia Incluye: Alimentación y transporte | G28: 8 | H28: persona | I28: 1 | J28: día | K28: =+(1602000/30) -> 53400 | L28: =+K28*G28*I28 -> 427200 | Q28: =+AVERAGE(K28,M28,O28) -> 53400 | R28: =+Q28*G28*I28 -> 427200 | S28: =_xlfn.STDEV.P(K28,M28,O28) -> 0 | T28: =+S28/Q28 -> 0 | U28: =+MEDIAN(K28,M28,O28) -> 53400 | V28: =+U28*G28*I28 -> 427200 | W28: =+S28/U28 -> 0 | X28: TABLA DE HONORARIOS DE LA SECRETARIA DISTRITAL DE GOBIERNO
A29: 1 | F29: COMPONENTE 2 – PP 54149 DDifMujer. MUESTRAS DE EXPERIENCIAS Y BONO REDIMIBLE
A30: TH | B30: =+COUNT(K30,M30,O30) -> 1 | C30: 23 | D30: 25 | E30: Auxiliar logístico | F30: Perfil: Bachiller o técnico. Experiencia: Mínimo seis (6) meses en apoyo logístico de eventos, desarrollo de actividades operativas del evento como entrega de incentivos, logística, registro y atención a participantes. Acreditación: Certificado de estudios y/o certificaciones de experiencia Incluye: Alimentación y transporte | G30: 4 | H30: persona | I30: 5 | J30: día | K30: =+(1602000/30) -> 53400 | L30: =+K30*G30*I30 -> 1068000 | Q30: =+AVERAGE(K30,M30,O30) -> 53400 | R30: =+Q30*G30*I30 -> 1068000 | S30: =_xlfn.STDEV.P(K30,M30,O30) -> 0 | T30: =+S30/Q30 -> 0 | U30: =+MEDIAN(K30,M30,O30) -> 53400 | V30: =+U30*G30*I30 -> 1068000 | W30: =+S30/U30 -> 0 | X30: TABLA DE HONORARIOS DE LA SECRETARIA DISTRITAL DE GOBIERNO
A31: TH | B31: =+COUNT(K31,M31,O31) -> 1 | C31: 24 | D31: 26 | E31: Auxiliar administrativa | F31: Perfil: Bachiller. Experiencia : Mínimo veinticuatro (24) meses de experiencia en apoyo administrativo a la ejecución de proyectos sociales, realizando actividades de archivo, manejo documental, apoyo logístico y seguimiento básico. Acreditación: Certificado de estudios y certificaciones de experiencia laboral | G31: 1 | H31: unidad | I31: 3 | J31: meses | K31: 2146001 | L31: =+K31*G31*I31 -> 6438003 | Q31: =+AVERAGE(K31,M31,O31) -> 2146001 | R31: =+Q31*G31*I31 -> 6438003 | S31: =_xlfn.STDEV.P(K31,M31,O31) -> 0 | T31: =+S31/Q31 -> 0 | U31: =+MEDIAN(K31,M31,O31) -> 2146001 | V31: =+U31*G31*I31 -> 6438003 | W31: =+S31/U31 -> 0 | X31: TABLA DE HONORARIOS DE LA SECRETARIA DISTRITAL DE GOBIERNO
A32: C | B32: =+COUNT(K32,M32,O32) -> 3 | C32: 25 | D32: 27 | E32: Incentivo – Bono redimible | F32: Incentivo económico-Bono redimible en almacén o empresa de grandes superficies. Valor: Quinientos mil pesos ($500.000) por beneficiario. Entrega: Bono físico o digital, válido para redención según condiciones del proveedor. | G32: 100 | H32: unidad | K32: =+(595000*100)/119 -> 500000 | L32: =K32*G32 -> 50000000 | M32: =+(595000*100)/119 -> 500000 | N32: =G32*M32 -> 50000000 | O32: =+(595000*100)/119 -> 500000 | P32: =G32*O32 -> 50000000 | Q32: =+AVERAGE(K32,M32,O32) -> 500000 | R32: =+Q32*G32 -> 50000000 | S32: =_xlfn.STDEV.P(K32,M32,O32) -> 0 | T32: =+S32/Q32 -> 0 | U32: =+MEDIAN(K32,M32,O32) -> 500000 | V32: =+U32*G32 -> 50000000 | W32: =+S32/U32 -> 0 | X32: BONO | Y32: BONO | Z32: BONO
A33: C | B33: =+COUNT(K33,M33,O33) -> 3 | C33: 26 | D33: 28 | E33: Alquiler de carpas | F33: carpa 2 x 2 a 4 aguas con laterales Incluye: Transporte, montaje, anclaje, desmontaje y retiro al finalizar el evento. Entrega: Carpas instaladas, seguras y operativas en los puntos definidos. | G33: 20 | H33: unidad | I33: 5 | J33: día | K33: =(226100*5.35%)+160000 -> 172096.35 | L33: =+K33*G33*I33 -> 17209635 | M33: =+(190400*100)/119 -> 160000 | N33: =+M33*I33*G33 -> 16000000 | O33: 109243 | P33: =+O33*I33*G33 -> 10924300 | Q33: =+AVERAGE(K33,M33,O33) -> 147113.12 | R33: =+Q33*G33*I33 -> 14711312 | S33: =_xlfn.STDEV.P(K33,M33,O33) -> 27229.76 | T33: =+S33/Q33 -> 0.18509403 | U33: =+MEDIAN(K33,M33,O33) -> 160000 | V33: =+U33*G33*I33 -> 16000000 | W33: =+S33/U33 -> 0.170186 | X33: D&R PRODUCCIONES | Y33: TECNICARPAS | Z33: NEMESIS
A34: C | B34: =+COUNT(K34,M34,O34) -> 3 | C34: 27 | D34: 29 | E34: Alquiler Sillas plásticas | F34: Sillas plasticas sin brazos de medidas Profundidad : 52.5 cm ; Alto : 87.5 cm; Color Blanco); (En alquiler y todo incluye puesta en sitio y recogida al finalizar el evento) Los elementos, de acuerdo con las cantidades solicitadas, han sido consolidados de manera unificada para evitar repeticiones. Dichos insumos y sus respectivas cantidades serán distribuidos según las necesidades específicas de cada una de las actividades programadas. | G34: 40 | H34: unidad | I34: 5 | J34: día | K34: =+(2142*100)/119 -> 1800 | L34: =+K34*G34*I34 -> 360000 | M34: =+(1700.51*100)/119 -> 1429 | N34: =+M34*I34*G34 -> 285800 | O34: =+(2975*100)/119 -> 2500 | P34: =+O34*I34*G34 -> 500000 | Q34: =+AVERAGE(K34,M34,O34) -> 1909.6667 | R34: =+Q34*G34*I34 -> 381933.33 | S34: =_xlfn.STDEV.P(K34,M34,O34) -> 444.0573 | T34: =+S34/Q34 -> 0.23253132 | U34: =+MEDIAN(K34,M34,O34) -> 1800 | V34: =+U34*G34*I34 -> 360000 | W34: =+S34/U34 -> 0.2466985 | X34: Aquileresbogota | Y34: Alvaro castañeda | Z34: MYM
A35: C | B35: =+COUNT(K35,M35,O35) -> 3 | C35: 28 | D35: 30 | E35: Alquiler Mesas | F35: Mesa plegable tipo portafolio de 1.8 metros con estructura reforzada y fácil transporte. Incluye transporte | G35: 20 | H35: unidad | I35: 5 | J35: día | K35: =+(21420*100)/119 -> 18000 | L35: =+K35*G35*I35 -> 1800000 | M35: =+(12000*100)/119 -> 10084.034 | N35: =+M35*I35*G35 -> 1008403.4 | O35: =+(22900*100)/119 -> 19243.697 | P35: =+O35*I35*G35 -> 1924369.7 | Q35: =+AVERAGE(K35,M35,O35) -> 15775.91 | R35: =+Q35*G35*I35 -> 1577591 | S35: =_xlfn.STDEV.P(K35,M35,O35) -> 4056.6646 | T35: =+S35/Q35 -> 0.25714298 | U35: =+MEDIAN(K35,M35,O35) -> 18000 | V35: =+U35*G35*I35 -> 1800000 | W35: =+S35/U35 -> 0.22537026 | X35: Alquileres bogota | Y35: MYM | Z35: Alvaro castañeda
A36: C | B36: =+COUNT(K36,M36,O36) -> 3 | C36: 29 | D36: 31 | E36: Parlante | F36: Tipo: Amplificador o parlante activo con conexión inalámbrica o cableada. Potencia: Mínimo 80W – 120W, ideal para espacios abiertos o medianos. Conectividad: Bluetooth Entrada USB Entrada auxiliar (3.5 mm o RCA) Batería recargable o conexión directa a corriente. Incluye: Perilla de control de volumen, bajos y agudos. Uso previsto: Apoyo en jornadas lúdicas, educativas o comunitarias que requieren proyección de audio o música ambiental. Alquiler y todo incluye puesta en sitio y recogida al finalizar el evento Los elementos, de acuerdo con las cantidades solicitadas, han sido consolidados de manera unificada para evitar repeticiones. Dichos insumos y sus respectivas cantidades serán distribuidos según las necesidades específicas de cada una de las actividades programadas. | G36: 2 | H36: unidad | I36: 5 | J36: día | K36: =+(416500*100)/119 -> 350000 | L36: =+K36*G36*I36 -> 3500000 | M36: =+(571200*100)/119 -> 480000 | N36: =+M36*I36*G36 -> 4800000 | O36: =+(416500*100)/119 -> 350000 | P36: =+O36*I36*G36 -> 3500000 | Q36: =+AVERAGE(K36,M36,O36) -> 393333.33 | R36: =+Q36*G36*I36 -> 3933333.3 | S36: =_xlfn.STDEV.P(K36,M36,O36) -> 61282.588 | T36: =+S36/Q36 -> 0.15580319 | U36: =+MEDIAN(K36,M36,O36) -> 350000 | V36: =+U36*G36*I36 -> 3500000 | W36: =+S36/U36 -> 0.17509311 | X36: TK PRODUCCIONES | Y36: D&R PRODUCCIONES | Z36: NEMESIS
A37: C | B37: =+COUNT(K37,M37,O37) -> 3 | C37: 30 | D37: 32 | E37: Base para Parlante | F37: Trípode Soporte Para Bafle Parlantes 90-125cm Hasta 40kg Color Negro. | G37: 2 | H37: unidad | I37: 1 | K37: =+(82999*100)/119 -> 69747.059 | L37: =+K37*G37*I37 -> 139494.12 | M37: =+(79900*100)/119 -> 67142.857 | N37: =+M37*I37*G37 -> 134285.71 | O37: =+(129900*100)/119 -> 109159.66 | P37: =+O37*I37*G37 -> 218319.33 | Q37: =+AVERAGE(K37,M37,O37) -> 82016.527 | R37: =+Q37*G37*I37 -> 164033.05 | S37: =_xlfn.STDEV.P(K37,M37,O37) -> 19222.52 | T37: =+S37/Q37 -> 0.23437373 | U37: =+MEDIAN(K37,M37,O37) -> 69747.059 | V37: =+U37*G37*I37 -> 139494.12 | W37: =+S37/U37 -> 0.2756033 | X37: FALABELLA | Y37: LUEGOPAGO | Z37: KALLEY
A38: C | B38: =+COUNT(K38,M38,O38) -> 3 | C38: 31 | D38: 33 | E38: ALQUILER DE JUEGO DE MICROFONO INALAMBRICO | F38: Micrófono profesional con o sin manos libres para eventos, debe tener capacidad de operación de baterías recargables o de alta duración. Unidad. | G38: 1 | H38: unidad | I38: 5 | J38: día | K38: =+(214200*100)/119 -> 180000 | L38: =+K38*G38*I38 -> 900000 | M38: =+(190400*100)/119 -> 160000 | N38: =+M38*I38*G38 -> 800000 | O38: =+(238000*100)/119 -> 200000 | P38: =+O38*I38*G38 -> 1000000 | Q38: =+AVERAGE(K38,M38,O38) -> 180000 | R38: =+Q38*G38*I38 -> 900000 | S38: =_xlfn.STDEV.P(K38,M38,O38) -> 16329.932 | T38: =+S38/Q38 -> 0.090721842 | U38: =+MEDIAN(K38,M38,O38) -> 180000 | V38: =+U38*G38*I38 -> 900000 | W38: =+S38/U38 -> 0.090721842 | X38: TK PRODUCCIONES | Y38: D&R PRODUCCIONES | Z38: NEMESIS
A39: TH | B39: =+COUNT(K39,M39,O39) -> 1 | C39: 32 | D39: 34 | E39: Presentadora | F39: Perfil: Técnico o persona con experiencia en animación o presentación de eventos. Experiencia: Mínimo un (1) año en actividades de animación o promoción en eventos comunitarios, preferiblemente con población vulnerable, especialmente mujeres, con enfoque de género. Acreditación: Certificaciones de experiencia relacionada. | G39: 1 | H39: persona | I39: 5 | J39: día | K39: =+(3224001/30) -> 107466.7 | L39: =+K39*G39*I39 -> 537333.5 | Q39: =+AVERAGE(K39,M39,O39) -> 107466.7 | R39: =+Q39*G39*I39 -> 537333.5 | S39: =_xlfn.STDEV.P(K39,M39,O39) -> 0 | T39: =+S39/Q39 -> 0 | U39: =+MEDIAN(K39,M39,O39) -> 107466.7 | V39: =+U39*G39*I39 -> 537333.5 | W39: =+S39/U39 -> 0 | X39: TABLA DE HONORARIOS DE LA SECRETARIA DISTRITAL DE GOBIERNO
A40: C | B40: =+COUNT(K40,M40,O40) -> 3 | C40: 33 | D40: 35 | E40: Pendon | F40: Pendón publicitario en lona de PVC o lona vinílica, para cada emprendimiento, con medidas de 50x70cm (deberá contener nombre del emprendimiento y canales de comunicación disponibles) | G40: 100 | H40: unidad | K40: =+(21658*100)/119 -> 18200 | L40: =K40*G40 -> 1820000 | M40: =+(12495*100)/119 -> 10500 | N40: =G40*M40 -> 1050000 | O40: =+(17255*100)/119 -> 14500 | P40: =G40*O40 -> 1450000 | Q40: =+AVERAGE(K40,M40,O40) -> 14400 | R40: =+Q40*G40 -> 1440000 | S40: =_xlfn.STDEV.P(K40,M40,O40) -> 3144.307 | T40: =+S40/Q40 -> 0.21835465 | U40: =+MEDIAN(K40,M40,O40) -> 14500 | V40: =+U40*G40 -> 1450000 | W40: =+S40/U40 -> 0.21684876 | X40: KAVAS PRINT | Y40: SOLUCIONES TRIADA | Z40: CASTELL GRAPHICS
A41: C | B41: =+COUNT(K41,M41,O41) -> 3 | C41: 34 | D41: 36 | E41: Pendon | F41: Pendones en lona PVC o lona vinílica, con medidas de 180x80 cms y soporte tipo araña de 180x80 cms (allí será relacionado el contenido con enfoque incluyente, cultural, festivo y de reconocimiento a las mujeres) este esta definido por la alcaldia local para identificar el evento. | G41: 2 | H41: unidad | K41: =+(214200*100)/119 -> 180000 | L41: =K41*G41 -> 360000 | M41: =+(226100*100)/119 -> 190000 | N41: =G41*M41 -> 380000 | O41: =+(214200*100)/119 -> 180000 | P41: =G41*O41 -> 360000 | Q41: =+AVERAGE(K41,M41,O41) -> 183333.33 | R41: =+Q41*G41 -> 366666.67 | S41: =_xlfn.STDEV.P(K41,M41,O41) -> 4714.0452 | T41: =+S41/Q41 -> 0.025712974 | U41: =+MEDIAN(K41,M41,O41) -> 180000 | V41: =+U41*G41 -> 360000 | W41: =+S41/U41 -> 0.02618914 | X41: KAVAS PRINT | Y41: SOLUCIONES TRIADA | Z41: CASTELL GRAPHICS
A42: C | B42: =+COUNT(K42,M42,O42) -> 3 | C42: 35 | D42: 37 | E42: Refrigerio | F42: PRODUCTO SÓLIDO PRINCIPAL: Un (1) sándwich tipo baguette de jamón, queso, lechuga y salsas de 250 gr; y/o un (1) sándwich tipo baguette de pollo, lechuga y salsas de 250 gr; y/o un (1) perro caliente de mínimo 14 cm. COMPLEMENTO: Un (1) brownie de mínimo 80 gr. BEBIDA: Un (1) jugo natural de fruta, mínimo 200 ml, sin adición de azúcar, conservantes, colorantes ni saborizantes artificiales, entregado en envase individual apto para consumo. FRUTA DE TEMPORADA: Una (1) porción de fruta de mínimo 120 gr, como manzana, pera, banano, mango, pitaya, granadilla u otra fruta de temporada. Nota: No se permiten bebidas azucaradas, gaseosas ni productos ultraprocesados. El refrigerio deberá entregarse en empaque individual, en bandeja elaborada en cartón 100% reciclable y biodegradable, ser balanceado y cumplir con la normatividad vigente en cuanto a condiciones organolépticas, conservación, transporte y entrega en el sitio de las reuniones. | G42: 20 | H42: unidad | I42: 5 | J42: día | K42: =+(18000*100)/119 -> 15126.05 | L42: =+K42*G42*I42 -> 1512605 | M42: =+(19500*100)/119 -> 16386.555 | N42: =+M42*I42*G42 -> 1638655.5 | O42: =+(18500*100)/119 -> 15546.218 | P42: =+O42*I42*G42 -> 1554621.8 | Q42: =+AVERAGE(K42,M42,O42) -> 15686.275 | R42: =+Q42*G42*I42 -> 1568627.5 | S42: =_xlfn.STDEV.P(K42,M42,O42) -> 524.04165 | T42: =+S42/Q42 -> 0.033407655 | U42: =+MEDIAN(K42,M42,O42) -> 15546.218 | V42: =+U42*G42*I42 -> 1554621.8 | W42: =+S42/U42 -> 0.033708625 | X42: BETTY CAMPOS MORALES | Y42: MANUFACTURAS ALIMENTICIAS | Z42: YARA ALIMENTOS
A43: C | B43: =+COUNT(K43,M43,O43) -> 2 | C43: 36 | D43: 38 | E43: Alquiler Espacio de Formación | F43: Alquiler de salon comunal con aforo para minimo (25 - 50 personas), con todo el equipamiento tecnologico (sonido, proyector, microfonos), silleteria, espacio para alimentacion minimo uno (1) baño para el desarrollo del fortalecimiento | G43: 1 | H43: unidad | I43: 5 | J43: día | L43: =+K43*G43*I43 -> 0 | M43: 300000 | N43: =+M43*I43*G43 -> 1500000 | O43: 500000 | P43: =+O43*I43*G43 -> 2500000 | Q43: =+AVERAGE(K43,M43,O43) -> 400000 | R43: =+Q43*G43*I43 -> 2000000 | S43: =_xlfn.STDEV.P(K43,M43,O43) -> 100000 | T43: =+S43/Q43 -> 0.25 | U43: =+MEDIAN(K43,M43,O43) -> 400000 | V43: =+U43*G43*I43 -> 2000000 | W43: =+S43/U43 -> 0.25 | Y43: FUNDACION GESTION SOCIAL CON PROPOSITO | Z43: ASESOL
A44: TH | B44: =+COUNT(K44,M44,O44) -> 1 | C44: 37 | D44: 39 | E44: Profesional formador con enfoque en emprendimiento y género | F44: Experiencia: Mínimo dos (2) años de experiencia certificada en procesos de formación dirigidos a población vulnerable, especialmente mujeres y/o cuidadoras, así como en el fortalecimiento de unidades productivas, emprendimientos o iniciativas de generación de ingresos. Deberá contar con experiencia en formulación, acompañamiento y fortalecimiento de emprendimientos, así como en el desarrollo de procesos pedagógicos, comunitarios o participativos. Adicionalmente, deberá acreditar conocimientos y experiencia en derechos humanos de las mujeres, legislación en género, enfoque diferencial e interseccional, y metodologías de formación que promuevan la participación, el empoderamiento y la autonomía económica de las mujeres. Acreditación: Diploma o acta de grado del nivel profesional y certificaciones de experiencia laboral relacionada con las funciones a desempeñar. | G44: 1 | H44: unidad | I44: 5 | J44: sesión | K44: =+(5860001/30) -> 195333.37 | L44: =+K44*G44*I44 -> 976666.83 | Q44: =+AVERAGE(K44,M44,O44) -> 195333.37 | R44: =+Q44*G44*I44 -> 976666.83 | S44: =_xlfn.STDEV.P(K44,M44,O44) -> 0 | T44: =+S44/Q44 -> 0 | U44: =+MEDIAN(K44,M44,O44) -> 195333.37 | V44: =+U44*G44*I44 -> 976666.83 | W44: =+S44/U44 -> 0 | X44: TABLA DE HONORARIOS DE LA SECRETARIA DISTRITAL DE GOBIERNO
A45: C | B45: =+COUNT(K45,M45,O45) -> 3 | C45: 38 | D45: 40 | E45: Estacion de Café | F45: Servicio de cafetería (tinto, aromática y agua): vasos de cartón bebida caliente 4 oz. + mezclador + azúcar + crema para café y snack Para: 50 personas Duración del evento aprox. 6 horas. Transporte incluido y puesto en sitio. | G45: 1 | H45: unidad | I45: 5 | J45: día | K45: =+(474691*100)/119 -> 398900 | L45: =+K45*G45*I45 -> 1994500 | M45: =+(638280*100)/119 -> 536369.75 | N45: =+M45*I45*G45 -> 2681848.7 | O45: =+(880000*100)/119 -> 739495.8 | P45: =+O45*I45*G45 -> 3697479 | Q45: =+AVERAGE(K45,M45,O45) -> 558255.18 | R45: =+Q45*G45*I45 -> 2791275.9 | S45: =_xlfn.STDEV.P(K45,M45,O45) -> 139906.17 | T45: =+S45/Q45 -> 0.25061329 | U45: =+MEDIAN(K45,M45,O45) -> 536369.75 | V45: =+U45*G45*I45 -> 2681848.7 | W45: =+S45/U45 -> 0.26083904 | X45: evento capital | Y45: el cafetal | Z45: la vittoria
A46: 1 | F46: Componente 3 – PP 54149 DDifMujer. Posicionamiento del liderazgo de las mujeres desde el enfoque de género, derechos y memoria histórica
A47: 1 | F47: A.Conversatorio de memoria histórica de las mujeres de Engativá
A48: C | B48: =+COUNT(K48,M48,O48) -> 3 | C48: 39 | D48: 41 | E48: Curso en derechos de las mujeres y fortalecimiento comunitario | F48: Servicio de formación. Modalidad: Virtual. Duración: Minimo (80) horas. Contenidos: Enfoque de derechos humanos de las mujeres y enfoque de género; marco normativo y políticas públicas; liderazgo y participación comunitaria; autonomía económica; economía del cuidado; procesos organizativos; herramientas de incidencia; comunicación y visibilización; memoria histórica de la participación de las mujeres en la localidad. Requisitos del proveedor: Institución de educación superior aprobada por el Ministerio de Educación Nacional, con experiencia en el desarrollo de diplomados y procesos formativos en temáticas de género y derechos de las mujeres. Entrega: Certificación tipo diplomado para las participantes que cumplan con los requisitos académicos establecidos. Incluye diseño académico, plataforma virtual, docentes, seguimiento, evaluación y certificación | G48: 20 | H48: unidad | K48: =+(3200000*100)/119 -> 2689075.6 | L48: =K48*G48 -> 53781513 | M48: =+(1590000*100)/119 -> 1336134.5 | N48: =G48*M48 -> 26722689 | O48: =+(2460000*100)/119 -> 2067226.9 | P48: =G48*O48 -> 41344538 | Q48: =+AVERAGE(K48,M48,O48) -> 2030812.3 | R48: =+Q48*G48 -> 40616246 | S48: =_xlfn.STDEV.P(K48,M48,O48) -> 552935.78 | T48: =+S48/Q48 -> 0.27227321 | U48: =+MEDIAN(K48,M48,O48) -> 2067226.9 | V48: =+U48*G48 -> 41344538 | W48: =+S48/U48 -> 0.26747707 | X48: EAN | Y48: JAVERIANA | Z48: CESA
A49: C | B49: =+COUNT(K49,M49,O49) -> 2 | C49: 40 | D49: 42 | E49: Alquiler de espacio para evento de cierre | F49: Alquiler de salon o auditorio sencillo con capacidad para minímo (100 - 200 personas) en optimas condiciones debe incluir: silleteria, sonido, tarima, proyectores, espacio para alimentacion minímo dos (2) baños. (buena ventilacion y iluminacion) | G49: 1 | H49: unidad | I49: 1 | J49: día | M49: 3000000 | N49: =+M49*I49*G49 -> 3000000 | O49: 2500000 | P49: =+O49*I49*G49 -> 2500000 | Q49: =+AVERAGE(M49,O49) -> 2750000 | R49: =+Q49*G49*I49 -> 2750000 | S49: =_xlfn.STDEV.P(M49,O49) -> 250000 | T49: =+S49/Q49 -> 0.090909091 | U49: =+MEDIAN(K49,M49,O49) -> 2750000 | V49: =+U49*G49*I49 -> 2750000 | W49: =+S49/U49 -> 0.090909091 | Y49: FUNDACION GESTION SOCIAL CON PROPOSITO | Z49: ASESOL
A50: TH | B50: =+COUNT(K50,M50,O50) -> 1 | C50: 41 | D50: 43 | E50: Auxiliar logístico | F50: Perfil: Bachiller o técnico. Experiencia: Mínimo seis (6) meses en apoyo logístico de eventos, desarrollo de actividades operativas del evento como entrega de incentivos, logística, registro y atención a participantes. Acreditación: Certificado de estudios y/o certificaciones de experiencia Incluye: Alimentación y transporte | G50: 8 | H50: unidad | I50: 1 | J50: día | K50: =+(1602000/30) -> 53400 | L50: =+K50*G50*I50 -> 427200 | Q50: =+AVERAGE(K50,M50,O50) -> 53400 | R50: =+Q50*G50*I50 -> 427200 | S50: =_xlfn.STDEV.P(K50,M50,O50) -> 0 | T50: =+S50/Q50 -> 0 | U50: =+MEDIAN(K50,M50,O50) -> 53400 | V50: =+U50*G50*I50 -> 427200 | W50: =+S50/U50 -> 0 | X50: TABLA DE HONORARIOS DE LA SECRETARIA DISTRITAL DE GOBIERNO
A51: C | B51: =+COUNT(K51,M51,O51) -> 3 | C51: 42 | D51: 49 | E51: Refrigerio | F51: PRODUCTO SÓLIDO PRINCIPAL: Un (1) sándwich tipo baguette de jamón, queso, lechuga y salsas de 250 gr; y/o un (1) sándwich tipo baguette de pollo, lechuga y salsas de 250 gr; y/o un (1) perro caliente de mínimo 14 cm. COMPLEMENTO: Un (1) brownie de mínimo 80 gr. BEBIDA: Un (1) jugo natural de fruta, mínimo 200 ml, sin adición de azúcar, conservantes, colorantes ni saborizantes artificiales, entregado en envase individual apto para consumo. FRUTA DE TEMPORADA: Una (1) porción de fruta de mínimo 120 gr, como manzana, pera, banano, mango, pitaya, granadilla u otra fruta de temporada. Nota: No se permiten bebidas azucaradas, gaseosas ni productos ultraprocesados. El refrigerio deberá entregarse en empaque individual, en bandeja elaborada en cartón 100% reciclable y biodegradable, ser balanceado y cumplir con la normatividad vigente en cuanto a condiciones organolépticas, conservación, transporte y entrega en el sitio de las reuniones. | G51: 45 | H51: unidad | I51: 6 | J51: sesiones | K51: =+(18000*100)/119 -> 15126.05 | L51: =K51*G51 -> 680672.27 | M51: =+(19500*100)/119 -> 16386.555 | N51: =G51*M51 -> 737394.96 | O51: =+(18500*100)/119 -> 15546.218 | P51: =G51*O51 -> 699579.83 | Q51: =+AVERAGE(K51,M51,O51) -> 15686.275 | R51: =+Q51*G51*I51 -> 4235294.1 | S51: =_xlfn.STDEV.P(K51,M51,O51) -> 524.04165 | T51: =+S51/Q51 -> 0.033407655 | U51: =+MEDIAN(K51,M51,O51) -> 15546.218 | V51: =+U51*G51*I51 -> 4197479 | W51: =+S51/U51 -> 0.033708625 | X51: BETTY CAMPOS MORALES | Y51: MANUFACTURAS ALIMENTICIAS | Z51: YARA ALIMENTOS
A52: C | B52: =+COUNT(K52,M52,O52) -> 3 | C52: 43 | D52: 43 | E52: Apoyo transporte | F52: Apoyo económico o logístico destinado a cubrir el desplazamiento local de las participantes hacia los espacios de formación, garantizando su asistencia y permanencia en el proceso. | G52: 30 | H52: unidad | I52: 6 | J52: sesiones | K52: 7100 | L52: =+K52*G52*I52 -> 1278000 | M52: 4000 | N52: =+M52*I52*G52 -> 720000 | O52: 8000 | P52: =+O52*I52*G52 -> 1440000 | Q52: =+AVERAGE(K52,M52,O52) -> 6366.6667 | R52: =+Q52*G52*I52 -> 1146000 | S52: =_xlfn.STDEV.P(K52,M52,O52) -> 1713.3463 | T52: =+S52/Q52 -> 0.26911198 | U52: =+MEDIAN(K52,M52,O52) -> 7100 | V52: =+U52*G52*I52 -> 1278000 | W52: =+S52/U52 -> 0.24131638 | X52: TRASMILENIO | Y52: FUNDACION GESTION SOCIAL CON PROPOSITO | Z52: ASESOL
A53: C | B53: =+COUNT(K53,M53,O53) -> 2 | C53: 44 | D53: 44 | E53: Agenda ecologica conmemorativa | F53: Diseño, producción e impresión de material institucional sostenible. Formato: Libreta tamaño 14 x 21.5 cm (cerrado). Materiales:Páginas internas en papel bond ecológico (reciclado) de 90 g. Carátula en propalcote ecológico o cartulina reciclada de 200 g. Tintas ecológicas o a base de agua. Ganchos metálicos para encuadernación. Características: 100 páginas interiores. Impresión a 1 tinta en interiores. Carátula a color (4x4). Encuadernación cosida al caballete con dos ganchos. Incluye separadores mensuales con contenidos sobre hitos y procesos históricos de participación de las mujeres en la localidad. Incorpora imagen institucional de la Alcaldía Local de Engativá. Diseño: Elaborado por el operador y sujeto a aprobación del área de prensa de la Alcaldía Local de Engativá. Entrega: Libretas elaboradas con criterios ecológicos, impresas y listas para distribución. | G53: 30 | H53: unidad | L53: =K53*G53 -> 0 | M53: 29000 | N53: =G53*M53 -> 870000 | O53: 30000 | P53: =G53*O53 -> 900000 | Q53: =+AVERAGE(K53,M53,O53) -> 29500 | R53: =+Q53*G53 -> 885000 | S53: =_xlfn.STDEV.P(K53,M53,O53) -> 500 | T53: =+S53/Q53 -> 0.016949153 | U53: =+MEDIAN(K53,M53,O53) -> 29500 | V53: =+U53*G53 -> 885000 | W53: =+S53/U53 -> 0.016949153 | Y53: FUNDACION GESTION SOCIAL CON PROPOSITO | Z53: ASESOL
A54: C | B54: =+COUNT(K54,M54,O54) -> 3 | C54: 45 | D54: 45 | E54: Lapicero | F54: Esfero. Plástico resistente, apto para estampado. Características: Sistema retráctil. Tinta negra. Superficie adecuada para personalización. Personalización: Estampado con imagen institucional. Entrega: Esferos marcados y listos para distribución. | G54: 30 | H54: unidad | K54: =+(2800*100)/119 -> 2352.9412 | L54: =K54*G54 -> 70588.235 | M54: =+(2681*100)/119 -> 2252.9412 | N54: =G54*M54 -> 67588.235 | O54: 2479 | P54: =G54*O54 -> 74370 | Q54: =+AVERAGE(K54,M54,O54) -> 2361.6275 | R54: =+Q54*G54 -> 70848.824 | S54: =_xlfn.STDEV.P(K54,M54,O54) -> 92.492293 | T54: =+S54/Q54 -> 0.039164642 | U54: =+MEDIAN(K54,M54,O54) -> 2352.9412 | V54: =+U54*G54 -> 70588.235 | W54: =+S54/U54 -> 0.039309225 | X54: Guerrero impresoras s.a.s | Y54: PROMOPOP | Z54: Dotaciones industriales
A55: C | B55: =+COUNT(K55,M55,O55) -> 3 | C55: 46 | D55: 46 | E55: Chaquetas | F55: Chaqueta impermeable, forrada, con bolsillos internos y externos, con capota, con dos logos cocidos los cuales serán aprobados en comité técnico y por la oficina de prensa del FDLE | G55: 15 | H55: unidad | K55: =+(218960*100)/119 -> 184000 | L55: =K55*G55 -> 2760000 | M55: =+(111000*5.35%)+111000 -> 116938.5 | N55: =G55*M55 -> 1754077.5 | O55: =+(110000*5.35%)+110000 -> 115885 | P55: =G55*O55 -> 1738275 | Q55: =+AVERAGE(K55,M55,O55) -> 138941.17 | R55: =+Q55*G55 -> 2084117.5 | S55: =_xlfn.STDEV.P(K55,M55,O55) -> 31864.309 | T55: =+S55/Q55 -> 0.2293367 | U55: =+MEDIAN(K55,M55,O55) -> 116938.5 | V55: =+U55*G55 -> 1754077.5 | W55: =+S55/U55 -> 0.27248775 | X55: MACRODEPORTES | Y55: LAEJ COMPANY | Z55: CARMEN EDELMIRA NIÑO
A56: C | B56: =+COUNT(K56,M56,O56) -> 3 | C56: 47 | D56: 47 | E56: Placa simbolica | F56: PLACA FOTOIMPRESA EN LAMINA DE ALUMINIO CON LOGO Y TEXTO A COLOR SOBRE BASE DE MADERA 25 X 20 CM. | G56: 15 | H56: unidad | K56: =+(78000*5.35%)+78000 -> 82173 | L56: =K56*G56 -> 1232595 | M56: =70500 -> 70500 | N56: =G56*M56 -> 1057500 | O56: =+(78000*5.35%)+78000 -> 82173 | P56: =G56*O56 -> 1232595 | Q56: =+AVERAGE(K56,M56,O56) -> 78282 | R56: =+Q56*G56 -> 1174230 | S56: =_xlfn.STDEV.P(K56,M56,O56) -> 5502.705 | T56: =+S56/Q56 -> 0.070293362 | U56: =+MEDIAN(K56,M56,O56) -> 82173 | V56: =+U56*G56 -> 1232595 | W56: =+S56/U56 -> 0.066964879 | X56: LAEJ COMPANY | Y56: CARMEN EDELMIRA NIÑO | Z56: TROFEOS A. RODRIGUEZ B LTDA
A57: TH | B57: =+COUNT(K57,M57,O57) -> 1 | C57: 48 | D57: 48 | E57: Moderador/a del conversatorio. | F57: Perfil: Profesional en comunicación, humanidades, ciencias sociales o áreas afines. Experiencia: Mínimo dos (2) años en moderación de espacios académicos o comunitarios, preferiblemente en temas de género, derechos de las mujeres o procesos sociales con población vulnerable. Acreditación: Diploma o acta de grado y certificaciones de experiencia relacionada. | G57: 1 | H57: Persona | I57: 1 | J57: Día | K57: =+(5860001/30) -> 195333.37 | L57: =+K57*G57*I57 -> 195333.37 | Q57: =+AVERAGE(K57,M57,O57) -> 195333.37 | R57: =+Q57*G57*I57 -> 195333.37 | S57: =_xlfn.STDEV.P(K57,M57,O57) -> 0 | T57: =+S57/Q57 -> 0 | U57: =+MEDIAN(K57,M57,O57) -> 195333.37 | V57: =+U57*G57*I57 -> 195333.37 | W57: =+S57/U57 -> 0 | X57: TABLA DE HONORARIOS DE LA SECRETARIA DISTRITAL DE GOBIERNO
A58: C | B58: =+COUNT(K58,M58,O58) -> 3 | C58: 49 | D58: 49 | E58: Refrigerio | F58: PRODUCTO SÓLIDO PRINCIPAL: Un (1) sándwich tipo baguette de jamón, queso, lechuga y salsas de 250 gr; y/o un (1) sándwich tipo baguette de pollo, lechuga y salsas de 250 gr; y/o un (1) perro caliente de mínimo 14 cm. COMPLEMENTO: Un (1) brownie de mínimo 80 gr. BEBIDA: Un (1) jugo natural de fruta, mínimo 200 ml, sin adición de azúcar, conservantes, colorantes ni saborizantes artificiales, entregado en envase individual apto para consumo. FRUTA DE TEMPORADA: Una (1) porción de fruta de mínimo 120 gr, como manzana, pera, banano, mango, pitaya, granadilla u otra fruta de temporada. Nota: No se permiten bebidas azucaradas, gaseosas ni productos ultraprocesados. El refrigerio deberá entregarse en empaque individual, en bandeja elaborada en cartón 100% reciclable y biodegradable, ser balanceado y cumplir con la normatividad vigente en cuanto a condiciones organolépticas, conservación, transporte y entrega en el sitio de las reuniones. | G58: 30 | H58: unidad | K58: =+(18000*100)/119 -> 15126.05 | L58: =K58*G58 -> 453781.51 | M58: =+(19500*100)/119 -> 16386.555 | N58: =G58*M58 -> 491596.64 | O58: =+(18500*100)/119 -> 15546.218 | P58: =G58*O58 -> 466386.55 | Q58: =+AVERAGE(K58,M58,O58) -> 15686.275 | R58: =+Q58*G58 -> 470588.24 | S58: =_xlfn.STDEV.P(K58,M58,O58) -> 524.04165 | T58: =+S58/Q58 -> 0.033407655 | U58: =+MEDIAN(K58,M58,O58) -> 15546.218 | V58: =+U58*G58 -> 466386.55 | W58: =+S58/U58 -> 0.033708625 | X58: BETTY CAMPOS MORALES | Y58: MANUFACTURAS ALIMENTICIAS | Z58: YARA ALIMENTOS
A59: 1 | F59: B.Conmemoración de fechas emblemáticas
A60: 1 | C60: 50 | E60: Evento | F60: Bolsa a monto agotable para la jornada conmemorativa del 8 de marzo, destinada a cubrir los bienes, servicios e insumos requeridos para la organización, montaje y desarrollo de actividades artísticas, pedagógicas, culturales, galería fotográfica, foro o conversatorio, ambientación, apoyo logístico y demás elementos necesarios, conforme a las necesidades aprobadas en el Comité Técnico de Seguimiento. | G60: 1 | H60: evento | K60: =+(11900000*100)/119 -> 10000000 | L60: =K60*G60 -> 10000000 | M60: =+(11900000*100)/119 -> 10000000 | N60: =M60*G60 -> 10000000 | O60: =+(11900000*100)/119 -> 10000000 | P60: =O60*G60 -> 10000000 | Q60: =+AVERAGE(K60,M60,O60) -> 10000000 | R60: =+Q60*G60 -> 10000000 | S60: =_xlfn.STDEV.P(K60,M60,O60) -> 0 | T60: =+S60/Q60 -> 0 | U60: =+MEDIAN(K60,M60,O60) -> 10000000 | V60: =+U60*G60 -> 10000000 | W60: =+S60/U60 -> 0
A61: 1 | F61: Componente 4. Curso de manicura
A62: TH | B62: =+COUNT(K62,M62,O62) -> 1 | C62: 51 | D62: 50 | E62: Tallerista | F62: Perfil: Técnico, tecnólogo o profesional en estética, cosmetología, belleza integral o áreas afines. Experiencia: Mínimo dos (2) años de experiencia en formación o capacitación en técnicas de manicura, pedicura o cuidado estético, preferiblemente con población femenina, mujeres cuidadoras o población vulnerable, incorporando enfoque de género, autonomía económica y fortalecimiento de capacidades productivas. Acreditación: Certificado, diploma o acta de grado en el área de formación, así como certificaciones de experiencia relacionadas. | G62: 3 | H62: persona | I62: 4 | J62: sesión | K62: =3224001/30 -> 107466.7 | L62: =+K62*G62*I62 -> 1289600.4 | Q62: =+AVERAGE(K62,M62,O62) -> 107466.7 | R62: =+Q62*G62*I62 -> 1289600.4 | S62: =_xlfn.STDEV.P(K62,M62,O62) -> 0 | T62: =+S62/Q62 -> 0 | U62: =+MEDIAN(K62,M62,O62) -> 107466.7 | V62: =+U62*G62*I62 -> 1289600.4 | W62: =+S62/U62 -> 0 | X62: TABLA DE HONORARIOS DE LA SECRETARIA DISTRITAL DE GOBIERNO
A63: C | B63: =+COUNT(K63,M63,O63) -> 3 | C63: 52 | D63: 51 | E63: Curso formativo Manicura | F63: Formación teórico-práctica relacionada con técnicas básicas de cuidado y embellecimiento de uñas, manejo adecuado de herramientas e insumos, normas básicas de higiene y bioseguridad, así como nociones de atención al cliente y organización del servicio, en una escuela o centro de formación que cuente con las condiciones técnicas, locativas y pedagógicas necesarias para la adecuada realización de las actividades teórico–prácticas. Incluye formador, espacio de formación, estaciones de trabajo, insumos para práctica, acompañamiento y certificación minimo 40 horas de formación | G63: 165 | H63: unidad | K63: =+(300000*100)/119 -> 252100.84 | L63: =K63*G63 -> 41596639 | M63: =+(350000*100)/119 -> 294117.65 | N63: =G63*M63 -> 48529412 | O63: 252101 | P63: =G63*O63 -> 41596665 | Q63: =+AVERAGE(K63,M63,O63) -> 266106.5 | R63: =+Q63*G63 -> 43907572 | S63: =_xlfn.STDEV.P(K63,M63,O63) -> 19806.875 | T63: =+S63/Q63 -> 0.074432136 | U63: =+MEDIAN(K63,M63,O63) -> 252101 | V63: =+U63*G63 -> 41596665 | W63: =+S63/U63 -> 0.078567221 | X63: Super Wow | Y63: Maria´s Academy | Z63: LIMAGINE
A64: C | B64: =+COUNT(K64,M64,O64) -> 3 | C64: 53 | D64: 52 | E64: Alicate de cutícula | F64: Alicate Mundial CortaCuticula Profesional, Acero inoxidable resistente a la corrosión para mayor durabilidad, Punta recta para un corte limpio y preciso. | G64: 165 | H64: unidad | K64: =+(31700*100)/119 -> 26638.655 | L64: =K64*G64 -> 4395378.2 | M64: =+(31900*100)/119 -> 26806.723 | N64: =G64*M64 -> 4423109.2 | O64: =+(22930*100)/119 -> 19268.908 | P64: =G64*O64 -> 3179369.7 | Q64: =+AVERAGE(K64,M64,O64) -> 24238.095 | R64: =+Q64*G64 -> 3999285.7 | S64: =_xlfn.STDEV.P(K64,M64,O64) -> 3514.4161 | T64: =+S64/Q64 -> 0.14499556 | U64: =+MEDIAN(K64,M64,O64) -> 26638.655 | V64: =+U64*G64 -> 4395378.2 | W64: =+S64/U64 -> 0.13192919 | X64: Palatsi | Y64: Elite | Z64: Celeste
A65: C | B65: =+COUNT(K65,M65,O65) -> 3 | C65: 54 | D65: 53 | E65: Cortauñas | F65: Corta uñas grande con cuchillas curvas en acero inoxidable | G65: 165 | H65: unidad | K65: =+(1110*100)/119 -> 932.77311 | L65: =K65*G65 -> 153907.56 | M65: =+(1500*100)/119 -> 1260.5042 | N65: =G65*M65 -> 207983.19 | O65: 882 | P65: =G65*O65 -> 145530 | Q65: =+AVERAGE(K65,M65,O65) -> 1025.0924 | R65: =+Q65*G65 -> 169140.25 | S65: =_xlfn.STDEV.P(K65,M65,O65) -> 167.74684 | T65: =+S65/Q65 -> 0.16364069 | U65: =+MEDIAN(K65,M65,O65) -> 932.77311 | V65: =+U65*G65 -> 153907.56 | W65: =+S65/U65 -> 0.1798367 | X65: Celeste | Y65: Kroma | Z65: Don Bodegón Mayoristas
A66: C | B66: =+COUNT(K66,M66,O66) -> 3 | C66: 55 | D66: 54 | E66: Lima profesional | F66: Lima desechable, con partículas que ofrecen una superficie abrasiva que lima las uñas de manera rápida y suave. No humedecer. 120/180: paquete de 10 unidad. | G66: 165 | H66: unidad | K66: =+(19378*100)/119 -> 16284.034 | L66: =K66*G66 -> 2686865.5 | M66: =+(22630*100)/119 -> 19016.807 | N66: =G66*M66 -> 3137773.1 | O66: =+(19000*100)/119 -> 15966.387 | P66: =G66*O66 -> 2634453.8 | Q66: =+AVERAGE(K66,M66,O66) -> 17089.076 | R66: =+Q66*G66 -> 2819697.5 | S66: =_xlfn.STDEV.P(K66,M66,O66) -> 1369.2663 | T66: =+S66/Q66 -> 0.080125241 | U66: =+MEDIAN(K66,M66,O66) -> 16284.034 | V66: =+U66*G66 -> 2686865.5 | W66: =+S66/U66 -> 0.084086433 | X66: Masglo | Y66: Mundi Belleza | Z66: Falabella
A67: C | B67: =+COUNT(K67,M67,O67) -> 3 | C67: 56 | D67: 55 | E67: Pusher metalico | F67: Empujador De Cutículas, 2 Extremos, Acero Inoxidable | G67: 165 | H67: unidad | K67: =+(3850*100)/119 -> 3235.2941 | L67: =K67*G67 -> 533823.53 | M67: =+(4900*100)/119 -> 4117.6471 | N67: =G67*M67 -> 679411.76 | O67: 3361 | P67: =G67*O67 -> 554565 | Q67: =+AVERAGE(K67,M67,O67) -> 3571.3137 | R67: =+Q67*G67 -> 589266.76 | S67: =_xlfn.STDEV.P(K67,M67,O67) -> 389.70979 | T67: =+S67/Q67 -> 0.10912225 | U67: =+MEDIAN(K67,M67,O67) -> 3361 | V67: =+U67*G67 -> 554565 | W67: =+S67/U67 -> 0.11595055 | X67: Celeste | Y67: Essential | Z67: TIENDA DE BELLEZA BELLA
A68: C | B68: =+COUNT(K68,M68,O68) -> 3 | C68: 57 | D68: 56 | E68: Esmalte Tradicional (colores variados) | F68: Set de 5 esmaltes tradicionales, Volumen de la unidad: 13.5 mL, colores surtidos | G68: 165 | H68: unidad | K68: =+(27500*100)/119 -> 23109.244 | L68: =K68*G68 -> 3813025.2 | M68: =+(30000*100)/119 -> 25210.084 | N68: =G68*M68 -> 4159663.9 | O68: 20588 | P68: =G68*O68 -> 3397020 | Q68: =+AVERAGE(K68,M68,O68) -> 22969.109 | R68: =+Q68*G68 -> 3789903 | S68: =_xlfn.STDEV.P(K68,M68,O68) -> 1889.5579 | T68: =+S68/Q68 -> 0.082265179 | U68: =+MEDIAN(K68,M68,O68) -> 23109.244 | V68: =+U68*G68 -> 3813025.2 | W68: =+S68/U68 -> 0.081766323 | X68: Distribuidora Leons | Y68: Mujer Latina | Z68: STOCK BEAUTY
A69: C | B69: =+COUNT(K69,M69,O69) -> 3 | C69: 58 | D69: 57 | E69: Base transparente | F69: BASE TRADICIONAL FORTALECEDORA 13,5 ML | G69: 165 | H69: unidad | K69: =+(8500*100)/119 -> 7142.8571 | L69: =K69*G69 -> 1178571.4 | M69: =+(9200*100)/119 -> 7731.0924 | N69: =G69*M69 -> 1275630.3 | O69: =+(8400*100)/119 -> 7058.8235 | P69: =G69*O69 -> 1164705.9 | Q69: =+AVERAGE(K69,M69,O69) -> 7310.9244 | R69: =+Q69*G69 -> 1206302.5 | S69: =_xlfn.STDEV.P(K69,M69,O69) -> 299.07782 | T69: =+S69/Q69 -> 0.040908346 | U69: =+MEDIAN(K69,M69,O69) -> 7142.8571 | V69: =+U69*G69 -> 1178571.4 | W69: =+S69/U69 -> 0.041870895 | X69: Surticosmeticos | Y69: Krika | Z69: Ecofarma
A70: C | B70: =+COUNT(K70,M70,O70) -> 3 | C70: 59 | D70: 58 | E70: Brillo secante | F70: BRILLO TRADICIONAL SECANTE 13,5 ML | G70: 165 | H70: unidad | K70: =+(13000*100)/119 -> 10924.37 | L70: =K70*G70 -> 1802521 | M70: =+(11300*100)/119 -> 9495.7983 | N70: =G70*M70 -> 1566806.7 | O70: =+(13000*100)/119 -> 10924.37 | P70: =G70*O70 -> 1802521 | Q70: =+AVERAGE(K70,M70,O70) -> 10448.179 | R70: =+Q70*G70 -> 1723949.6 | S70: =_xlfn.STDEV.P(K70,M70,O70) -> 673.43503 | T70: =+S70/Q70 -> 0.064454774 | U70: =+MEDIAN(K70,M70,O70) -> 10924.37 | V70: =+U70*G70 -> 1802521 | W70: =+S70/U70 -> 0.061645207 | X70: Dekosas | Y70: Ecofarma | Z70: Dekosas (belier)
A71: C | B71: =+COUNT(K71,M71,O71) -> 3 | C71: 60 | D71: 59 | E71: Removedor (250 ml) | F71: REMOVEDOR DE ESMALTE TRADICIONAL 100% Libre de acetona, Volumen neto: 250 mL | G71: 165 | H71: unidad | K71: =+(13500*100)/119 -> 11344.538 | L71: =K71*G71 -> 1871848.7 | M71: =+(14000*100)/119 -> 11764.706 | N71: =G71*M71 -> 1941176.5 | O71: =+(14900*100)/119 -> 12521.008 | P71: =G71*O71 -> 2065966.4 | Q71: =+AVERAGE(K71,M71,O71) -> 11876.751 | R71: =+Q71*G71 -> 1959663.9 | S71: =_xlfn.STDEV.P(K71,M71,O71) -> 486.78283 | T71: =+S71/Q71 -> 0.040986196 | U71: =+MEDIAN(K71,M71,O71) -> 11764.706 | V71: =+U71*G71 -> 1941176.5 | W71: =+S71/U71 -> 0.041376541 | X71: Distribuidora Leons | Y71: Mujer Latina | Z71: Estilo del peluquero
A72: C | B72: =+COUNT(K72,M72,O72) -> 3 | C72: 61 | D72: 60 | E72: Esmalte semipermanente (Colores Variados) | F72: Set de 5 esmaltes semipermantes, Volumen de la unidad: 15ml, colores surtidos | G72: 165 | H72: unidad | K72: =+(77500*100)/119 -> 65126.05 | L72: =K72*G72 -> 10745798 | M72: =+(77500*100)/119 -> 65126.05 | N72: =G72*M72 -> 10745798 | O72: =+(102500*100)/119 -> 86134.454 | P72: =G72*O72 -> 14212185 | Q72: =+AVERAGE(K72,M72,O72) -> 72128.852 | R72: =+Q72*G72 -> 11901261 | S72: =_xlfn.STDEV.P(K72,M72,O72) -> 9903.4563 | T72: =+S72/Q72 -> 0.13730229 | U72: =+MEDIAN(K72,M72,O72) -> 65126.05 | V72: =+U72*G72 -> 10745798 | W72: =+S72/U72 -> 0.15206597 | X72: Distribuidora Leons | Y72: Mujer Latina | Z72: Surticosmeticos
A73: C | B73: =+COUNT(K73,M73,O73) -> 3 | C73: 62 | D73: 61 | E73: Spongee | F73: Lima spongee 100/180 | G73: 165 | H73: unidad | K73: =+(10000*100)/119 -> 8403.3613 | L73: =K73*G73 -> 1386554.6 | M73: =+(7500*100)/119 -> 6302.521 | N73: =G73*M73 -> 1039916 | O73: =+(4500*100)/119 -> 3781.5126 | P73: =G73*O73 -> 623949.58 | Q73: =+AVERAGE(K73,M73,O73) -> 6162.465 | R73: =+Q73*G73 -> 1016806.7 | S73: =_xlfn.STDEV.P(K73,M73,O73) -> 1889.459 | T73: =+S73/Q73 -> 0.30660767 | U73: =+MEDIAN(K73,M73,O73) -> 6302.521 | V73: =+U73*G73 -> 1039916 | W73: =+S73/U73 -> 0.29979417 | X73: Lans Products | Y73: Belleza Amazonica | Z73: YKmania
A74: C | B74: =+COUNT(K74,M74,O74) -> 3 | C74: 63 | D74: 62 | E74: BASE COAT SEMIPERMANENTE | F74: BASE COAT GEL POLISH DE 14 O 15 ML TRASLÚCIDO | G74: 165 | H74: unidad | K74: =+(43125*100)/119 -> 36239.496 | L74: =K74*G74 -> 5979516.8 | M74: =+(31680*100)/119 -> 26621.849 | N74: =G74*M74 -> 4392605 | O74: =+(40900*100)/119 -> 34369.748 | P74: =G74*O74 -> 5671008.4 | Q74: =+AVERAGE(K74,M74,O74) -> 32410.364 | R74: =+Q74*G74 -> 5347710.1 | S74: =_xlfn.STDEV.P(K74,M74,O74) -> 4163.666 | T74: =+S74/Q74 -> 0.12846712 | U74: =+MEDIAN(K74,M74,O74) -> 34369.748 | V74: =+U74*G74 -> 5671008.4 | W74: =+S74/U74 -> 0.12114334 | X74: Masglo | Y74: Latin | Z74: Estilo del peluquero
A75: C | B75: =+COUNT(K75,M75,O75) -> 3 | C75: 64 | D75: 63 | E75: TOP COAT SEMIPERMANENTE | F75: Sellador y terminador de brillo GEL POLISH DE 14 O 15 ML TRASLÚCIDO | G75: 165 | H75: unidad | K75: =+(26000*100)/119 -> 21848.739 | L75: =K75*G75 -> 3605042 | M75: =+(24840*100)/119 -> 20873.95 | N75: =G75*M75 -> 3444201.7 | O75: =+(32430*100)/119 -> 27252.101 | P75: =G75*O75 -> 4496596.6 | Q75: =+AVERAGE(K75,M75,O75) -> 23324.93 | R75: =+Q75*G75 -> 3848613.4 | S75: =_xlfn.STDEV.P(K75,M75,O75) -> 2805.2994 | T75: =+S75/Q75 -> 0.12027043 | U75: =+MEDIAN(K75,M75,O75) -> 21848.739 | V75: =+U75*G75 -> 3605042 | W75: =+S75/U75 -> 0.1283964 | X75: Casa de belleza | Y75: Ollé | Z75: Masglo
A76: C | B76: =+COUNT(K76,M76,O76) -> 3 | C76: 65 | D76: 64 | E76: Removedor (250 ml) | F76: Removedor Esmalte Semipermanente 250ml | G76: 165 | H76: unidad | K76: =+(24000*100)/119 -> 20168.067 | L76: =K76*G76 -> 3327731.1 | M76: =+(28800*100)/119 -> 24201.681 | N76: =G76*M76 -> 3993277.3 | O76: =+(21500*100)/119 -> 18067.227 | P76: =G76*O76 -> 2981092.4 | Q76: =+AVERAGE(K76,M76,O76) -> 20812.325 | R76: =+Q76*G76 -> 3434033.6 | S76: =_xlfn.STDEV.P(K76,M76,O76) -> 2545.4773 | T76: =+S76/Q76 -> 0.12230624 | U76: =+MEDIAN(K76,M76,O76) -> 20168.067 | V76: =+U76*G76 -> 3327731.1 | W76: =+S76/U76 -> 0.12621325 | X76: YKmania | Y76: Cloe | Z76: Distri mabelle
A77: C | B77: =+COUNT(K77,M77,O77) -> 3 | C77: 66 | D77: 65 | E77: Algodón (paquete) | F77: Paquete de Algodón En Motas Blancas 500gr | G77: 165 | H77: unidad | K77: =+(30000*100)/119 -> 25210.084 | L77: =K77*G77 -> 4159663.9 | M77: =+(27700*100)/119 -> 23277.311 | N77: =G77*M77 -> 3840756.3 | O77: =+(27850*100)/119 -> 23403.361 | P77: =G77*O77 -> 3861554.6 | Q77: =+AVERAGE(K77,M77,O77) -> 23963.585 | R77: =+Q77*G77 -> 3953991.6 | S77: =_xlfn.STDEV.P(K77,M77,O77) -> 882.90854 | T77: =+S77/Q77 -> 0.036843758 | U77: =+MEDIAN(K77,M77,O77) -> 23403.361 | V77: =+U77*G77 -> 3861554.6 | W77: =+S77/U77 -> 0.037725715 | X77: Cimex | Y77: Jelt | Z77: La muela
A78: C | B78: =+COUNT(K78,M78,O78) -> 3 | C78: 67 | D78: 66 | E78: Toalla pequeña | F78: Rollo de Toalla tipo Wypall Paños Absorbente Manicure rollo | G78: 165 | H78: unidad | K78: =+(35500*100)/119 -> 29831.933 | L78: =K78*G78 -> 4922268.9 | M78: =+(35710*100)/119 -> 30008.403 | N78: =G78*M78 -> 4951386.6 | O78: =+(32000*100)/119 -> 26890.756 | P78: =G78*O78 -> 4436974.8 | Q78: =+AVERAGE(K78,M78,O78) -> 28910.364 | R78: =+Q78*G78 -> 4770210.1 | S78: =_xlfn.STDEV.P(K78,M78,O78) -> 1429.8945 | T78: =+S78/Q78 -> 0.04945958 | U78: =+MEDIAN(K78,M78,O78) -> 29831.933 | V78: =+U78*G78 -> 4922268.9 | W78: =+S78/U78 -> 0.047931674 | X78: D&L | Y78: Mundi Belleza | Z78: Nasa Beauty
A79: C | B79: =+COUNT(K79,M79,O79) -> 3 | C79: 68 | D79: 67 | E79: Kit pinceles de decoración | F79: Kit de pinceles de decoración x3 (5mm, 12mm y 9mm) | G79: 165 | H79: unidad | K79: =+(22000*100)/119 -> 18487.395 | L79: =K79*G79 -> 3050420.2 | M79: =+(21500*100)/119 -> 18067.227 | N79: =G79*M79 -> 2981092.4 | O79: =+(19900*100)/119 -> 16722.689 | P79: =G79*O79 -> 2759243.7 | Q79: =+AVERAGE(K79,M79,O79) -> 17759.104 | R79: =+Q79*G79 -> 2930252.1 | S79: =_xlfn.STDEV.P(K79,M79,O79) -> 752.66268 | T79: =+S79/Q79 -> 0.042381794 | U79: =+MEDIAN(K79,M79,O79) -> 18067.227 | V79: =+U79*G79 -> 2981092.4 | W79: =+S79/U79 -> 0.041659004 | X79: Mixcoco | Y79: Natalia giraldo | Z79: Deko uñas
A80: C | B80: =+COUNT(K80,M80,O80) -> 3 | C80: 69 | D80: 68 | E80: Aceite de uñas | F80: 15 ml | G80: 165 | H80: unidad | K80: =+(12000*100)/119 -> 10084.034 | L80: =K80*G80 -> 1663865.5 | M80: =+(12000*100)/119 -> 10084.034 | N80: =G80*M80 -> 1663865.5 | O80: =+(18000*100)/119 -> 15126.05 | P80: =G80*O80 -> 2495798.3 | Q80: =+AVERAGE(K80,M80,O80) -> 11764.706 | R80: =+Q80*G80 -> 1941176.5 | S80: =_xlfn.STDEV.P(K80,M80,O80) -> 2376.8295 | T80: =+S80/Q80 -> 0.20203051 | U80: =+MEDIAN(K80,M80,O80) -> 10084.034 | V80: =+U80*G80 -> 1663865.5 | W80: =+S80/U80 -> 0.23570226 | X80: Nails Station | Y80: Diana Nails | Z80: Mixcoco
A81: C | B81: =+COUNT(K81,M81,O81) -> 3 | C81: 70 | D81: 69 | E81: Preparador de uñas para semipermantente | F81: Tipo esmalte 15ml | G81: 165 | H81: unidad | K81: =+(34079*100)/119 -> 28637.815 | L81: =K81*G81 -> 4725239.5 | M81: =+(22000*100)/119 -> 18487.395 | N81: =G81*M81 -> 3050420.2 | O81: =+(33650*100)/119 -> 28277.311 | P81: =G81*O81 -> 4665756.3 | Q81: =+AVERAGE(K81,M81,O81) -> 25134.174 | R81: =+Q81*G81 -> 4147138.7 | S81: =_xlfn.STDEV.P(K81,M81,O81) -> 4702.2861 | T81: =+S81/Q81 -> 0.18708735 | U81: =+MEDIAN(K81,M81,O81) -> 28277.311 | V81: =+U81*G81 -> 4665756.3 | W81: =+S81/U81 -> 0.16629184 | X81: Mia Secret | Y81: Magickur | Z81: Tecnifilos
A82: C | B82: =+COUNT(K82,M82,O82) -> 3 | C82: 71 | D82: 70 | E82: Exfoliante | F82: Exfoliante 120 ml | G82: 165 | H82: unidad | K82: =+(16400*100)/119 -> 13781.513 | L82: =K82*G82 -> 2273949.6 | M82: =+(14950*100)/119 -> 12563.025 | N82: =G82*M82 -> 2072899.2 | O82: =+(16000*100)/119 -> 13445.378 | P82: =G82*O82 -> 2218487.4 | Q82: =+AVERAGE(K82,M82,O82) -> 13263.305 | R82: =+Q82*G82 -> 2188445.4 | S82: =_xlfn.STDEV.P(K82,M82,O82) -> 513.83575 | T82: =+S82/Q82 -> 0.038741154 | U82: =+MEDIAN(K82,M82,O82) -> 13445.378 | V82: =+U82*G82 -> 2218487.4 | W82: =+S82/U82 -> 0.038216534 | X82: Belier | Y82: Masglo | Z82: Cositas deliciosas
A83: C | B83: =+COUNT(K83,M83,O83) -> 3 | C83: 72 | D83: 71 | E83: Guantes desechables | F83: Caja guantes desechables de nitrilo x 100 | G83: 165 | H83: unidad | K83: =+(26000*100)/119 -> 21848.739 | L83: =K83*G83 -> 3605042 | M83: =+(20843*100)/119 -> 17515.126 | N83: =G83*M83 -> 2889995.8 | O83: =+(26500*100)/119 -> 22268.908 | P83: =G83*O83 -> 3674369.7 | Q83: =+AVERAGE(K83,M83,O83) -> 20544.258 | R83: =+Q83*G83 -> 3389802.5 | S83: =_xlfn.STDEV.P(K83,M83,O83) -> 2148.7771 | T83: =+S83/Q83 -> 0.10459259 | U83: =+MEDIAN(K83,M83,O83) -> 21848.739 | V83: =+U83*G83 -> 3605042 | W83: =+S83/U83 -> 0.098347873 | X83: Provesi | Y83: Pasteur | Z83: Jelt
A84: C | B84: =+COUNT(K84,M84,O84) -> 3 | C84: 73 | D84: 72 | E84: Lampara LED UV | F84: LAMPARA LED UV - Voltaje: 120 V Potencia de 54 W para un secado rápido y eficiente. Sensor de movimiento para encendido automático y apagado. Conexión a energía portátil para fácil uso en cualquier lugar. Temporizador programable de 10, 30, 60 y 120 segundos. | G84: 165 | H84: unidad | K84: =+(189000*100)/119 -> 158823.53 | L84: =K84*G84 -> 26205882 | M84: =+(169000*100)/119 -> 142016.81 | N84: =G84*M84 -> 23432773 | O84: =+(113600*100)/119 -> 95462.185 | P84: =G84*O84 -> 15751261 | Q84: =+AVERAGE(K84,M84,O84) -> 132100.84 | R84: =+Q84*G84 -> 21796639 | S84: =_xlfn.STDEV.P(K84,M84,O84) -> 26800.619 | T84: =+S84/Q84 -> 0.20288001 | U84: =+MEDIAN(K84,M84,O84) -> 142016.81 | V84: =+U84*G84 -> 23432773 | W84: =+S84/U84 -> 0.18871442 | X84: Exito | Y84: Falabella | Z84: Falabella
A85: C | B85: =+COUNT(K85,M85,O85) -> 3 | C85: 74 | D85: 73 | E85: Maletín para esmaltes | F85: Material acolchado: hecho de microfibra de poliéster suave. Interior acolchado suave que mantiene tus botellas de esmalte de uñas en buenas condiciones. ALMACENAMIENTO DE ESMALTES DE UÑAS: El compartimento inferior contiene 2 estuches extraíbles. Cada estuche tiene capacidad para hasta 24 botellas de esmalte de uñas de 0.5 onzas líquidas. Los separadores de botellas en la caja son flexibles y desmontables. SECCIÓN DE LÁMPARA DE UÑAS: La sección superior con bolsillo de malla y bandas elásticas para mantener un secador de uñas regular (tamaño aproximado 9" x 7.5" x 4.5"), botellas de removedor de uñas y otras herramientas. BOLSILLOS PARA HERRAMIENTAS: 2 bolsas laterales para sujetar cepillos y herramientas de puntos. El bolsillo interior transparente y el bolsillo trasero exterior para guardar otros accesorios de manicura. | G85: 165 | H85: unidad | K85: =+(293532*100)/119 -> 246665.55 | L85: =K85*G85 -> 40699815 | M85: =+(249900*100)/119 -> 210000 | N85: =G85*M85 -> 34650000 | O85: =+(245000*100)/119 -> 205882.35 | P85: =G85*O85 -> 33970588 | Q85: =+AVERAGE(K85,M85,O85) -> 220849.3 | R85: =+Q85*G85 -> 36440134 | S85: =_xlfn.STDEV.P(K85,M85,O85) -> 18332.079 | T85: =+S85/Q85 -> 0.083007187 | U85: =+MEDIAN(K85,M85,O85) -> 210000 | V85: =+U85*G85 -> 34650000 | W85: =+S85/U85 -> 0.087295615 | X85: Exito | Y85: Falabella | Z85: Fantasias Yuly
A86: 1 | F86: Meta 3 - 2026: Vincular 750 mujeres cuidadoras a estrategias de cuidado Iniciativa PP: 54150: DDifMujer Engativá cuida a las Cuidadoras
A87: 1 | F87: Iniciativa PP: 54150: DDifMujer Engativá cuida a las Cuidadoras
A88: TH | B88: =+COUNT(K88,M88,O88) -> 1 | C88: 75 | D88: 74 | E88: Coordinador de la meta | F88: Perfil: Profesional en áreas de las ciencias sociales, económicas, administrativas o afines. Experiencia: Mínimo tres (3) años en coordinación, dirección o supervisión de proyectos sociales o comunitarios, preferiblemente relacionados con procesos de cuidado, bienestar social o fortalecimiento de capacidades, con población vulnerable, especialmente mujeres cuidadoras, con enfoque de género. Acreditación: Título profesional y certificaciones de experiencia relacionada. | G88: 1 | H88: persona | I88: 6 | J88: meses | K88: 5860001 | L88: =+K88*G88*I88 -> 35160006 | Q88: =+AVERAGE(K88,M88,O88) -> 5860001 | R88: =+Q88*G88*I88 -> 35160006 | S88: =_xlfn.STDEV.P(K88,M88,O88) -> 0 | T88: =+S88/Q88 -> 0 | U88: =+MEDIAN(K88,M88,O88) -> 5860001 | V88: =+U88*G88*I88 -> 35160006 | W88: =+S88/U88 -> 0 | X88: TABLA DE HONORARIOS DE LA SECRETARIA DISTRITAL DE GOBIERNO
A89: TH | B89: =+COUNT(K89,M89,O89) -> 1 | C89: 76 | D89: 76 | E89: Profesional en desarrollo comunitario / cuidado | F89: Perfil: Profesional en áreas sociales, económicas o afines. Experiencia: Mínimo dos (2) años en implementación de procesos formativos, acompañamiento a población vulnerable, fortalecimiento de capacidades o proyectos relacionados con el cuidado, bienestar o economía del cuidado, especialmente con mujeres cuidadoras, con enfoque de género. Acreditación: Título profesional y certificaciones de experiencia relacionada. | G89: 1 | H89: persona | I89: 6 | J89: meses | K89: 5860001 | L89: =+K89*G89*I89 -> 35160006 | Q89: =+AVERAGE(K89,M89,O89) -> 5860001 | R89: =+Q89*G89*I89 -> 35160006 | S89: =_xlfn.STDEV.P(K89,M89,O89) -> 0 | T89: =+S89/Q89 -> 0 | U89: =+MEDIAN(K89,M89,O89) -> 5860001 | V89: =+U89*G89*I89 -> 35160006 | W89: =+S89/U89 -> 0 | X89: TABLA DE HONORARIOS DE LA SECRETARIA DISTRITAL DE GOBIERNO
A90: 1 | F90: Componente 1 – PP 54150 DDifMujer. Escenarios de respiro, bienestar físico, emocional y/o mental
A91: 1 | F91: a. Taller de natación para cuidadoras
A92: TH | B92: =+COUNT(K92,M92,O92) -> 1 | C92: 77 | D92: 77 | E92: Instructora de Natación | F92: Perfil: Licenciada en Educación Física o áreas afines. Experiencia: Mínimo un (1) año como instructora de natación o actividades físicas acuáticas con población vulnerable, preferiblemente mujeres cuidadoras, con enfoque de género. Acreditación: Título profesional y certificaciones en RCP, primeros auxilios y seguridad acuática. | G92: 3 | H92: persona | I92: 5 | J92: meses | K92: 5860001 | L92: =+K92*G92*I92 -> 87900015 | Q92: =+AVERAGE(K92,M92,O92) -> 5860001 | R92: =+Q92*G92*I92 -> 87900015 | S92: =_xlfn.STDEV.P(K92,M92,O92) -> 0 | T92: =+S92/Q92 -> 0 | U92: =+MEDIAN(K92,M92,O92) -> 5860001 | V92: =+U92*G92*I92 -> 87900015 | W92: =+S92/U92 -> 0 | X92: TABLA DE HONORARIOS DE LA SECRETARIA DISTRITAL DE GOBIERNO
A93: TH | B93: =+COUNT(K93,M93,O93) -> 1 | C93: 78 | D93: 78 | E93: Fisioterapeuta | F93: Perfil: Profesional en fisioterapia, terapia ocupacional, enfermería o áreas de la salud. Experiencia: Mínimo dos (2) años en acompañamiento a población vulnerable, especialmente mujeres cuidadoras, en procesos de bienestar físico y emocional con enfoque de género. Acreditación: Título profesional y certificaciones de experiencia relacionada. | G93: 2 | H93: persona | I93: 5 | J93: meses | K93: 5860001 | L93: =+K93*G93*I93 -> 58600010 | Q93: =+AVERAGE(K93,M93,O93) -> 5860001 | R93: =+Q93*G93*I93 -> 58600010 | S93: =_xlfn.STDEV.P(K93,M93,O93) -> 0 | T93: =+S93/Q93 -> 0 | U93: =+MEDIAN(K93,M93,O93) -> 5860001 | V93: =+U93*G93*I93 -> 58600010 | W93: =+S93/U93 -> 0 | X93: TABLA DE HONORARIOS DE LA SECRETARIA DISTRITAL DE GOBIERNO
A94: TH | B94: =+COUNT(K94,M94,O94) -> 1 | C94: 79 | D94: 79 | E94: Auxiliar logístico | F94: Perfil: Bachiller o técnico. Experiencia: Mínimo seis (6) meses en apoyo logístico de eventos, desarrollo de actividades operativas del evento como entrega de incentivos, logística, registro y atención a participantes. Acreditación: Certificado de estudios y/o certificaciones de experiencia Incluye: Alimentación y transporte | G94: 2 | H94: persona | I94: 5 | J94: meses | K94: 1602000 | L94: =+K94*G94*I94 -> 16020000 | Q94: =+AVERAGE(K94,M94,O94) -> 1602000 | R94: =+Q94*G94*I94 -> 16020000 | S94: =_xlfn.STDEV.P(K94,M94,O94) -> 0 | T94: =+S94/Q94 -> 0 | U94: =+MEDIAN(K94,M94,O94) -> 1602000 | V94: =+U94*G94*I94 -> 16020000 | W94: =+S94/U94 -> 0 | X94: TABLA DE HONORARIOS DE LA SECRETARIA DISTRITAL DE GOBIERNO
A95: C | B95: =+COUNT(K95,M95,O95) -> 3 | C95: 80 | D95: 80 | E95: Gorro de Natación | F95: Gorro para natación.Acabado: Superficie Lisa. Composición: Silicona. Talla: Única, con ajuste elástico. Color: Unicolor surtido | G95: 160 | H95: unidad | K95: =+(10900*100)/119 -> 9159.6639 | L95: =K95*G95 -> 1465546.2 | M95: =+(8600*100)/119 -> 7226.8908 | N95: =G95*M95 -> 1156302.5 | O95: =+(9900*100)/119 -> 8319.3277 | P95: =G95*O95 -> 1331092.4 | Q95: =+AVERAGE(K95,M95,O95) -> 8235.2941 | R95: =+Q95*G95 -> 1317647.1 | S95: =_xlfn.STDEV.P(K95,M95,O95) -> 791.28554 | T95: =+S95/Q95 -> 0.096084673 | U95: =+MEDIAN(K95,M95,O95) -> 8319.3277 | V95: =+U95*G95 -> 1331092.4 | W95: =+S95/U95 -> 0.09511412 | X95: EXITO | Y95: DEPORTES REGOL | Z95: PEPE GANGA
A96: C | B96: =+COUNT(K96,M96,O96) -> 3 | C96: 81 | D96: 81 | E96: Vestido de Baño | F96: Vestido de baño deportivo de dos piezas tipo camiseta y short para mujer adulta. Material: Tela elástica para uso acuático, composición en poliéster y elastano o poliamida y elastano, resistente al cloro y al uso continuo en piscina. Diseño: Conjunto de dos piezas compuesto por camiseta y short. Camiseta: Manga corta o manga tipo raglán, cuello redondo, ajuste al cuerpo, con opción de protección UV (UPF 50+). Short: Corte deportivo, ajuste elástico en cintura, con largo medio tipo short deportivo. Diseño ergonómico que permita libertad de movimiento en actividades acuáticas. Características adicionales: Sistema de soporte interno en la parte superior (top o brasier incorporado), con copas removibles o ajustables. Costuras reforzadas para mayor durabilidad en ambientes acuáticos. Tela de secado rápido, alta elasticidad, liviana y de tacto suave. Resistencia al desgaste por cloro y exposición solar. No transparente al contacto con el agua. Propiedades del material: Alta elasticidad, absorción de humedad, secado rápido, confort térmico y resistencia al uso prolongado en piscina. Uso: Prenda diseñada para actividades acuáticas recreativas, deportivas o formativas en piscina. Tallas: Variadas para mujer adulta (S, M, L, XL y XXL), distribuidas de acuerdo con las necesidades de la población beneficiaria. Color y diseño: Colores y/o estampados sujetos a disponibilidad del proveedor o definidos por la entidad contratante, acorde con lineamientos institucionales. | G96: 160 | H96: unidad | K96: =+(113000*100)/119 -> 94957.983 | L96: =K96*G96 -> 15193277 | M96: =+(130000*100)/119 -> 109243.7 | N96: =G96*M96 -> 17478992 | O96: =+(139900*100)/119 -> 117563.03 | P96: =G96*O96 -> 18810084 | Q96: =+AVERAGE(K96,M96,O96) -> 107254.9 | R96: =+Q96*G96 -> 17160784 | S96: =_xlfn.STDEV.P(K96,M96,O96) -> 9335.0044 | T96: =+S96/Q96 -> 0.08703569 | U96: =+MEDIAN(K96,M96,O96) -> 109243.7 | V96: =+U96*G96 -> 17478992 | W96: =+S96/U96 -> 0.085451194 | X96: ESPLÉNDIVA | Y96: HOLLY KRAB | Z96: MOMBORA
A97: C | B97: =+COUNT(K97,M97,O97) -> 3 | C97: 82 | D97: 82 | E97: Gafas de Natación | F97: Material: Lentes en policarbonato o material equivalente, con marco y correa en silicona o material flexible resistente al agua. Características: Diseño ergonómico con ajuste cómodo al rostro. Correa elástica ajustable. Puente nasal adaptable o flexible. Lentes con tratamiento antiempañante y protección UV. Sellado hermético con borde suave para evitar filtraciones. Dimensiones: Estándar para uso adulto. Color: Unicolor o surtido, sujeto a disponibilidad del proveedor. | G97: 160 | H97: unidad | K97: =+(24900*100)/119 -> 20924.37 | L97: =K97*G97 -> 3347899.2 | M97: =+(29000*100)/119 -> 24369.748 | N97: =G97*M97 -> 3899159.7 | O97: =+(28500*100)/119 -> 23949.58 | P97: =G97*O97 -> 3831932.8 | Q97: =+AVERAGE(K97,M97,O97) -> 23081.232 | R97: =+Q97*G97 -> 3692997.2 | S97: =_xlfn.STDEV.P(K97,M97,O97) -> 1534.7482 | T97: =+S97/Q97 -> 0.066493338 | U97: =+MEDIAN(K97,M97,O97) -> 23949.58 | V97: =+U97*G97 -> 3831932.8 | W97: =+S97/U97 -> 0.064082468 | X97: SPORTFITNESS | Y97: DECATHLON | Z97: DEPORTES REGOL
A98: C | B98: =+COUNT(K98,M98,O98) -> 3 | C98: 83 | D98: 83 | E98: Termo | F98: Termo Material: aluminio o acero inoxidable, resistente, reutilizable, apto para el consumo de bebidas frías o calientes, libre de componentes tóxicos y con condiciones adecuadas para contacto con alimentos. Capacidad: 500 ml. Dimensiones aproximadas: altura 23 – 25 cm; diámetro 7 – 8 cm. Tapa: rosca o sistema de cierre hermético antiderrame. Área de impresión aproximada: Tampografía: 5 cm de alto x 4 cm de ancho. Serigrafía: 9 cm de alto x 8 cm de ancho. Personalización: impresión con logos de la Alcaldía Local de Engativá y una frase institucional definida por el Comité Técnico. Color: sujeto a disponibilidad. | G98: 160 | H98: unidad | K98: 109000 | L98: =K98*G98 -> 17440000 | M98: 109000 | N98: =G98*M98 -> 17440000 | O98: 109000 | P98: =G98*O98 -> 17440000 | Q98: =+AVERAGE(K98,M98,O98) -> 109000 | R98: =+Q98*G98 -> 17440000 | S98: =_xlfn.STDEV.P(K98,M98,O98) -> 0 | T98: =+S98/Q98 -> 0 | U98: =+MEDIAN(K98,M98,O98) -> 109000 | V98: =+U98*G98 -> 17440000 | W98: =+S98/U98 -> 0 | X98: FALABELLA | Y98: FUNDACION GESTION SOCIAL CON PROPOSITO | Z98: ASESOL
A99: C | B99: =+COUNT(K99,M99,O99) -> 3 | C99: 84 | D99: 84 | E99: Tula | F99: Tula ecológica tipo mochila elaborada en lona cruda o drill 100% algodón, con dimensiones aproximadas de 42 cm de alto por 34 cm de ancho, capacidad de 8 a 10 litros y cordones de algodón o nylon reforzado para cierre doble. El diseño incluye un estampado frontal mediante serigrafía o sublimación (según el tipo de tela), en un área de impresión de aproximadamente 20 x 25 cm. | G99: 160 | H99: unidad | K99: =+(33320*100)/119 -> 28000 | L99: =K99*G99 -> 4480000 | M99: =+(25000*5.35%)+25000 -> 26337.5 | N99: =G99*M99 -> 4214000 | O99: =+(11900*100)/119 -> 10000 | P99: =G99*O99 -> 1600000 | Q99: =+AVERAGE(K99,M99,O99) -> 21445.833 | R99: =+Q99*G99 -> 3431333.3 | S99: =_xlfn.STDEV.P(K99,M99,O99) -> 8121.8349 | T99: =+S99/Q99 -> 0.37871388 | U99: =+MEDIAN(K99,M99,O99) -> 26337.5 | V99: =+U99*G99 -> 4214000 | W99: =+S99/U99 -> 0.30837531 | X99: MACRODEPORTES | Y99: ZOOM CREATIVO | Z99: D.O. NEITH
A100: C | B100: =+COUNT(K100,M100,O100) -> 3 | C100: 85 | D100: 85 | E100: Guia de ejercicios básicos impreso sobre Natación | F100: Material pedagógico impreso. Formato: Brochure grapado. Tamaño: 14 cm x 21,5 cm. Extensión: 10 páginas a color.Material: Interior: Papel propalcote de 115 g. Portada: Papel propalcote de 150 g con laminado mate. Impresión: A color, tiro y retiro. Encuadernación: Grapado tipo folleto. Diseño: Incluye diagramación e incorporación de logos institucionales, previamente aprobados por el área de prensa. | G100: 160 | H100: unidad | K100: 12000 | L100: =K100*G100 -> 1920000 | M100: =+(11781*100)/119 -> 9900 | N100: =G100*M100 -> 1584000 | O100: =+(6693*100)/119 -> 5624.3697 | P100: =G100*O100 -> 899899.16 | Q100: =+AVERAGE(K100,M100,O100) -> 9174.7899 | R100: =+Q100*G100 -> 1467966.4 | S100: =_xlfn.STDEV.P(K100,M100,O100) -> 2652.8742 | T100: =+S100/Q100 -> 0.28914823 | U100: =+MEDIAN(K100,M100,O100) -> 9900 | V100: =+U100*G100 -> 1584000 | W100: =+S100/U100 -> 0.26796709 | X100: SOLUCIONES TRIADA | Y100: CASTELL GRAPHICS | Z100: LITOGRAFÍA
A101: C | B101: =+COUNT(K101,M101,O101) -> 3 | C101: 86 | D101: 86 | E101: Carril Piscina | F101: Alquiler de carriles en piscina para desarrollo de curso de natación. Cantidad de carriles: 4 carriles por sesión. Intensidad horaria: 16 horas mensuales (4 horas semanales). Duración del servicio: 5 meses. Población: 10 grupos de hasta 20 participantes cada uno. Escenario: Piscina habilitada que cumpla con la normatividad vigente, reglamentación técnica y condiciones de bioseguridad para la práctica de actividades acuáticas.Condiciones del servicio: Disponibilidad de carriles delimitados, condiciones adecuadas de mantenimiento, limpieza y seguridad para el desarrollo de la actividad. | G101: 80 | H101: horas | K101: =+(723520*100)/119 -> 608000 | L101: =K101*G101 -> 48640000 | M101: 150000 | N101: =G101*M101 -> 12000000 | O101: 500000 | P101: =G101*O101 -> 40000000 | Q101: =+AVERAGE(K101,M101,O101) -> 419333.33 | R101: =+Q101*G101 -> 33546667 | S101: =_xlfn.STDEV.P(K101,M101,O101) -> 195484.58 | T101: =+S101/Q101 -> 0.46617945 | U101: =+MEDIAN(K101,M101,O101) -> 500000 | V101: =+U101*G101 -> 40000000 | W101: =+S101/U101 -> 0.39096917 | X101: TEMPO TRIATHLON | Y101: FUNDACION GESTION SOCIAL CON PROPOSITO | Z101: ASESOL
...

Sheet Hoja1

Sheet METAS
C1: TOTAL PROMEDIO SIN IVA | D1: IVA | E1: TOTAL PROMEDIO | F1: TOTAL MEDIANA SIN IVA | G1: IVA | H1: TOTAL MEDIANA | K1: TOTAL PROMEDIO SIN IVA | L1: IVA | M1: TOTAL PROMEDIO | N1: % SOBRE TOTAL | O1: TOTAL MEDIANA SIN IVA | P1: IVA | Q1: TOTAL MEDIANA | R1: % SOBRE TOTAL | T1: PROYECTO | U1: DISPONIBLE | V1: DIFERENCIA TOTAL PROMEDIO | W1: DIFERENCIA TOTAL MEDIANA
B2: TH GENERAL | C2: =SUM('ESPECIFICACIONES TECNICAS'!R4:R13) -> 461082880 | D2: =C2*19% -> 87605747 | E2: =C2+D2 -> 5.4868863e+08 | F2: =SUM('ESPECIFICACIONES TECNICAS'!V4:V13) -> 461128090 | G2: =F2*19% -> 87614337 | H2: =F2+G2 -> 5.4874243e+08 | J2: TH GENERAL | K2: =C2 -> 461082880 | L2: =K2*19% -> 87605747 | M2: =K2+L2 -> 5.4868863e+08 | N2: =M2/$M$8 -> 0.14212274 | O2: =F2 -> 461128090 | P2: =O2*19% -> 87614337 | Q2: =O2+P2 -> 5.4874243e+08 | R2: =Q2/$Q$8 -> 0.14146499 | V2: =M2 -> 5.4868863e+08 | W2: =Q2 -> 5.4874243e+08 | AA2: TOTAL MEDIANA | AF2: TOTAL PROMEDIO
B3: Meta 2 - 2026: Vincular 400 mujeres para el ejercicio de derechos y el fortalecimiento de su autonomía económica | C3: =C4+C5+C7+C8 -> 7.0838138e+08 | D3: =C3*19% -> 1.3459246e+08 | E3: =C3+D3 -> 8.4297384e+08 | F3: =F4+F5+F7+F8 -> 7.0850147e+08 | G3: =F3*19% -> 1.3461528e+08 | H3: =F3+G3 -> 8.4311675e+08 | J3: META 2 AUTO_ECO | K3: =SUM('ESPECIFICACIONES TECNICAS'!R15:R85) -> 7.0838138e+08 | L3: =K3*19% -> 1.3459246e+08 | M3: =K3+L3 -> 8.4297384e+08 | N3: =M3/$M$8 -> 0.21834926 | O3: =SUM('ESPECIFICACIONES TECNICAS'!V15:V85) -> 7.0850147e+08 | P3: =O3*19% -> 1.3461528e+08 | Q3: =O3+P3 -> 8.4311675e+08 | R3: =Q3/$Q$8 -> 0.21735425 | T3: 2375 | U3: 1238295000 | V3: =U3-M3 -> 3.9532116e+08 | W3: =U3-Q3 -> 3.9517825e+08 | Y3: 2375 | Z3: META 2 AUTO_ECO | AA3: =Q3+Q7 -> 9.6211675e+08 | AD3: 2375 | AE3: META 2 AUTO_ECO | AF3: =M3+M7 -> 9.6197384e+08
B4: TH | C4: =SUM('ESPECIFICACIONES TECNICAS'!R15:R16) -> 46880008 | D4: =C4*19% -> 8907201.5 | E4: =C4+D4 -> 55787210 | F4: =SUM('ESPECIFICACIONES TECNICAS'!V15:V16) -> 46880008 | G4: =F4*19% -> 8907201.5 | H4: =F4+G4 -> 55787210 | J4: META 3 CUIDADORAS | K4: =SUM('ESPECIFICACIONES TECNICAS'!R88:R185) -> 1.2256894e+09 | L4: =K4*19% -> 2.3288099e+08 | M4: =K4+L4 -> 1.4585704e+09 | N4: =M4/$M$8 -> 0.37780268 | O4: =SUM('ESPECIFICACIONES TECNICAS'!V88:V185) -> 1.2299653e+09 | P4: =O4*19% -> 2.3369341e+08 | Q4: =O4+P4 -> 1.4636587e+09 | R4: =Q4/$Q$8 -> 0.37732905 | T4: 2375 | U4: 1228825000 | V4: =U4-M4 -> -2.2974542e+08 | W4: =U4-Q4 -> -2.348337e+08 | Y4: 2375 | Z4: META 3 CUIDADORAS | AA4: =Q4 -> 1.4636587e+09 | AB4: =AA4-U4 -> 2.348337e+08 | AD4: 2375 | AE4: META 3 CUIDADORAS | AF4: =M4 -> 1.4585704e+09 | AG4: =AF4-U4 -> 2.2974542e+08
B5: COMPONENTE 1 – PP 54149 DDifMujer. Apoyo económico para mujeres en vulnerabilidad económica, que contribuya a la reducción de la feminización de la pobreza. | C5: =C6 -> 3.4003114e+08 | D5: =C5*19% -> 64605917 | E5: =C5+D5 -> 4.0463706e+08 | F5: =F6 -> 3.4145169e+08 | G5: =F5*19% -> 64875821 | H5: =F5+G5 -> 4.0632751e+08 | J5: META 4 INT SOCIAL | K5: =SUM('ESPECIFICACIONES TECNICAS'!R188:R237) -> 75320275 | L5: =K5*19% -> 14310852 | M5: =K5+L5 -> 89631127 | N5: =M5/$M$8 -> 0.023216486 | O5: =SUM('ESPECIFICACIONES TECNICAS'!V188:V237) -> 78087475 | P5: =O5*19% -> 14836620 | Q5: =O5+P5 -> 92924095 | R5: =Q5/$Q$8 -> 0.023955694 | T5: 2375 | U5: 837734000 | V5: =U5-M5 -> 7.4810287e+08 | W5: =U5-Q5 -> 7.448099e+08 | Y5: 2375 | Z5: META 4 INT SOCIAL | AA5: =Q5+Q2 -> 6.4166652e+08 | AD5: 2375 | AE5: META 4 INT SOCIAL | AF5: =M5+M2 -> 6.3831975e+08
A6: Act | B6: Entrega de apoyos económicos para fortalecimiento productivo | C6: =SUM('ESPECIFICACIONES TECNICAS'!R19:R28) -> 3.4003114e+08 | D6: =C6*19% -> 64605917 | E6: =C6+D6 -> 4.0463706e+08 | F6: =SUM('ESPECIFICACIONES TECNICAS'!V19:V28) -> 3.4145169e+08 | G6: =F6*19% -> 64875821 | H6: =F6+G6 -> 4.0632751e+08 | J6: META VIOLENCIAS | K6: =SUM('ESPECIFICACIONES TECNICAS'!R239:R399) -> 6.7378424e+08 | L6: =K6*19% -> 1.2801901e+08 | M6: =K6+L6 -> 8.0180325e+08 | N6: =M6/$M$8 -> 0.20768515 | O6: =SUM('ESPECIFICACIONES TECNICAS'!V239:V399) -> 6.8198004e+08 | P6: =O6*19% -> 1.2957621e+08 | Q6: =O6+P6 -> 8.1155624e+08 | R6: =Q6/$Q$8 -> 0.209218 | T6: 2380 | U6: 862335000 | V6: =U6-M6 -> 60531753 | W6: =U6-Q6 -> 50778757 | Y6: 2380 | Z6: META VIOLENCIAS | AA6: =Q6 -> 8.1155624e+08 | AD6: 2380 | AE6: META VIOLENCIAS | AF6: =M6 -> 8.0180325e+08
A7: Act | B7: COMPONENTE 2 – PP 54149 DDifMujer. MUESTRAS DE EXPERIENCIAS Y BONO REDIMIBLE | C7: =SUM('ESPECIFICACIONES TECNICAS'!R30:R45) -> 88854776 | D7: =C7*19% -> 16882407 | E7: =C7+D7 -> 1.0573718e+08 | F7: =SUM('ESPECIFICACIONES TECNICAS'!V30:V45) -> 89765968 | G7: =F7*19% -> 17055534 | H7: =F7+G7 -> 1.068215e+08 | J7: PLAN DE MEDIOS | K7: ='ESPECIFICACIONES TECNICAS'!R400 -> 100000000 | L7: =K7*19% -> 19000000 | M7: =K7+L7 -> 119000000 | N7: =M7/$M$8 -> 0.030823687 | O7: ='ESPECIFICACIONES TECNICAS'!V400 -> 100000000 | P7: =O7*19% -> 19000000 | Q7: =O7+P7 -> 119000000 | R7: =Q7/$Q$8 -> 0.030678024 | V7: =U7-M7 -> -119000000 | W7: =U7-Q7 -> -119000000
B8: Componente 3 – PP 54149 DDifMujer. Posicionamiento del liderazgo de las mujeres desde el enfoque de género, derechos y memoria histórica | C8: =SUM(C9:C11) -> 2.3261545e+08 | D8: =C8*19% -> 44196936 | E8: =C8+D8 -> 2.7681239e+08 | F8: =SUM(F9:F11) -> 2.3040381e+08 | G8: =F8*19% -> 43776724 | H8: =F8+G8 -> 2.7418053e+08 | J8: TOTAL | K8: =SUM(K2:K7) -> 3.2442582e+09 | L8: =SUM(L2:L7) -> 6.1640906e+08 | M8: =K8+L8 -> 3.8606673e+09 | O8: =SUM(O2:O7) -> 3.2596624e+09 | P8: =O8*19% -> 6.1933585e+08 | Q8: =O8+P8 -> 3.8789982e+09 | U8: =SUM(U3:U6) -> 4167189000 | AA8: TOTAL MEDIANA | AB8: SOBRANTE | AF8: TOTAL PROMEDIO METAS | AG8: SOBRANTE
A9: Act | B9: A.Conversatorio de memoria histórica de las mujeres de Engativá | C9: =SUM('ESPECIFICACIONES TECNICAS'!R48:R58) -> 54054859 | D9: =C9*19% -> 10270423 | E9: =C9+D9 -> 64325282 | F9: =SUM('ESPECIFICACIONES TECNICAS'!V48:V58) -> 54601197 | G9: =F9*19% -> 10374228 | H9: =F9+G9 -> 64975425 | Y9: 2375 | Z9: META 2 AUTO_ECO | AA9: =AA3+AB4 -> 1.1969505e+09 | AB9: =U3-AA9 -> 41344548 | AD9: 2375 | AE9: META 2 AUTO_ECO | AF9: =AF3+AG4 -> 1.1917193e+09 | AG9: =U3-AF9 -> 46575732
A10: Act | B10: B.Conmemoración de fechas emblemáticas | C10: ='ESPECIFICACIONES TECNICAS'!R60 -> 10000000 | D10: =C10*19% -> 1900000 | E10: =C10+D10 -> 11900000 | F10: ='ESPECIFICACIONES TECNICAS'!V60 -> 10000000 | G10: =F10*19% -> 1900000 | H10: =F10+G10 -> 11900000 | Y10: 2375 | Z10: META 3 CUIDADORAS | AA10: =U4 -> 1228825000 | AB10: =U4-AA10 -> 0 | AD10: 2375 | AE10: META 3 CUIDADORAS | AF10: =U4 -> 1228825000 | AG10: =U4-AF10 -> 0
A11: Act | B11: Componente 4. Curso de manicura | C11: =SUM('ESPECIFICACIONES TECNICAS'!R62:R85) -> 1.685606e+08 | D11: =C11*19% -> 32026513 | E11: =C11+D11 -> 2.0058711e+08 | F11: =SUM('ESPECIFICACIONES TECNICAS'!V62:V85) -> 1.6580261e+08 | G11: =F11*19% -> 31502496 | H11: =F11+G11 -> 1.9730511e+08 | Y11: 2375 | Z11: META 4 INT SOCIAL | AA11: =AA5 -> 6.4166652e+08 | AB11: =U5-AA11-1 -> 1.9606748e+08 | AD11: 2375 | AE11: META 4 INT SOCIAL | AF11: =AF5 -> 6.3831975e+08 | AG11: =U5-AF11 -> 1.9941425e+08
B12: Meta 3 - 2026: Vincular 750 mujeres cuidadoras a estrategias de cuidado Iniciativa PP: 54150: DDifMujer Engativá cuida a las Cuidadoras | C12: =C13+C14+C19 -> 1.2256894e+09 | D12: =C12*19% -> 2.3288099e+08 | E12: =C12+D12 -> 1.4585704e+09 | F12: =F13+F14+F19 -> 1.2299653e+09 | G12: =F12*19% -> 2.3369341e+08 | H12: =F12+G12 -> 1.4636587e+09 | Y12: 2380 | Z12: META VIOLENCIAS | AA12: =AA6 -> 8.1155624e+08 | AB12: =U6-AA12 -> 50778757 | AD12: 2380 | AE12: META VIOLENCIAS | AF12: =AF6 -> 8.0180325e+08 | AG12: =U6-AF12 -> 60531753
B13: TH GENERAL | C13: =SUM('ESPECIFICACIONES TECNICAS'!R88:R89) -> 70320012 | D13: =C13*19% -> 13360802 | E13: =C13+D13 -> 83680814 | F13: =SUM('ESPECIFICACIONES TECNICAS'!V88:V89) -> 70320012 | G13: =F13*19% -> 13360802 | H13: =F13+G13 -> 83680814 | AA13: =AA9+AA10+AA11+AA12 -> 3.8789982e+09 | AB13: =SUM(AB9:AB12) -> 2.8819078e+08 | AF13: =AF9+AF10+AF11+AF12 -> 3.8606673e+09 | AG13: =SUM(AG9:AG12) -> 3.0652173e+08
B14: Componente 1 – PP 54150 DDifMujer. Escenarios de respiro, bienestar físico, emocional y/o mental | C14: =C15+C16+C17+C18 -> 8.5710679e+08 | D14: =C14*19% -> 1.6285029e+08 | E14: =C14+D14 -> 1.0199571e+09 | F14: =F15+F16+F17+F18 -> 8.5784281e+08 | G14: =F14*19% -> 1.6299013e+08 | H14: =F14+G14 -> 1.0208329e+09
A15: Act | B15: a. Taller de natación para cuidadoras | C15: =SUM('ESPECIFICACIONES TECNICAS'!R92:R105) -> 3.6067446e+08 | D15: =C15*19% -> 68528146 | E15: =C15+D15 -> 4.292026e+08 | F15: =SUM('ESPECIFICACIONES TECNICAS'!V92:V105) -> 3.559054e+08 | G15: =F15*19% -> 67622026 | H15: =F15+G15 -> 4.2352743e+08
A16: Act | B16: b. Taller de bisutería | C16: =SUM('ESPECIFICACIONES TECNICAS'!R107:R130) -> 2.4637242e+08 | D16: =C16*19% -> 46810759 | E16: =C16+D16 -> 2.9318317e+08 | F16: =SUM('ESPECIFICACIONES TECNICAS'!V107:V130) -> 250879160 | G16: =F16*19% -> 47667040 | H16: =F16+G16 -> 2.985462e+08
A17: Act | B17: c. Cocina saludable y huertas urbanas | C17: =SUM('ESPECIFICACIONES TECNICAS'!R132:R139) -> 1.5415612e+08 | D17: =C17*19% -> 29289664 | E17: =C17+D17 -> 1.8344579e+08 | F17: =SUM('ESPECIFICACIONES TECNICAS'!V132:V139) -> 1.5509523e+08 | G17: =F17*19% -> 29468093 | H17: =F17+G17 -> 1.8456332e+08
A18: Act | B18: d. Tai chí para mujeres cuidadoras | C18: =SUM('ESPECIFICACIONES TECNICAS'!R141:R147) -> 95903795 | D18: =C18*19% -> 18221721 | E18: =C18+D18 -> 1.1412552e+08 | F18: =SUM('ESPECIFICACIONES TECNICAS'!V141:V147) -> 95963015 | G18: =F18*19% -> 18232973 | H18: =F18+G18 -> 1.1419599e+08
B19: Componente 2 – PP 54150 DDifMujer. Estrategias pedagógicas, de sensibilización y comunicación sobre la labor de cuidado | C19: =C20+C21+C22+C23+C24 -> 2.9826263e+08 | D19: =C19*19% -> 56669900 | E19: =C19+D19 -> 3.5493253e+08 | F19: =F20+F21+F22+F23+F24 -> 3.0180248e+08 | G19: =F19*19% -> 57342471 | H19: =F19+G19 -> 3.5914495e+08
A20: Act | B20: a. Encuentro formativo: estrategias de respiro, bienestar e intercambio de saberes para mujeres cuidadoras | C20: =SUM('ESPECIFICACIONES TECNICAS'!R150:R157) -> 76656053 | D20: =C20*19% -> 14564650 | E20: =C20+D20 -> 91220703 | F20: =SUM('ESPECIFICACIONES TECNICAS'!V150:V157) -> 79335912 | G20: =F20*19% -> 15073823 | H20: =F20+G20 -> 94409735
A21: Act | B21: b. Transformación cultural con muralismo colectivo | C21: =SUM('ESPECIFICACIONES TECNICAS'!R159:R166) -> 37956343 | D21: =C21*19% -> 7211705.1 | E21: =C21+D21 -> 45168048 | F21: =SUM('ESPECIFICACIONES TECNICAS'!V159:V166) -> 37318230 | G21: =F21*19% -> 7090463.7 | H21: =F21+G21 -> 44408694
A22: Act | B22: c. Certificado en saberes de cuidado | C22: =SUM('ESPECIFICACIONES TECNICAS'!R168:R173) -> 94859662 | D22: =C22*19% -> 18023336 | E22: =C22+D22 -> 1.12883e+08 | F22: =SUM('ESPECIFICACIONES TECNICAS'!V168:V173) -> 96717298 | G22: =F22*19% -> 18376287 | H22: =F22+G22 -> 1.1509358e+08
A23: Act | B23: d. Caracterización georeferenciación y fortalecimiento saberes y espacios de cuidado comunitario local. | C23: =SUM('ESPECIFICACIONES TECNICAS'!R175:R176) -> 17925101 | D23: =C23*19% -> 3405769.2 | E23: =C23+D23 -> 21330870 | F23: =SUM('ESPECIFICACIONES TECNICAS'!V175:V176) -> 17922020 | G23: =F23*19% -> 3405183.8 | H23: =F23+G23 -> 21327204
A24: Act | B24: e. Estrategias de comunicación sobre temas de cuidado | C24: =SUM('ESPECIFICACIONES TECNICAS'!R178:R185) -> 70865471 | D24: =C24*19% -> 13464439 | E24: =C24+D24 -> 84329910 | F24: =SUM('ESPECIFICACIONES TECNICAS'!V178:V185) -> 70509017 | G24: =F24*19% -> 13396713 | H24: =F24+G24 -> 83905731
B25: Meta 4 - 2026: Vincular 200 personas en procesos para la prevención de violencias en el contexto familiar y/o violencia sexual | C25: =C26+C27+C28+C32 -> 75320275 | D25: =C25*19% -> 14310852 | E25: =C25+D25 -> 89631127 | F25: =F26+F27+F28+F32 -> 78087475 | G25: =F25*19% -> 14836620 | H25: =F25+G25 -> 92924095
B26: TH | C26: =SUM('ESPECIFICACIONES TECNICAS'!R188:R189) -> 447733.4 | D26: =C26*19% -> 85069.346 | E26: =C26+D26 -> 532802.75 | F26: =SUM('ESPECIFICACIONES TECNICAS'!V188:V189) -> 447733.4 | G26: =F26*19% -> 85069.346 | H26: =F26+G26 -> 532802.75
A27: Act | B27: Componente 1: Prevención de violencia en el contexto familiar, violencia sexual y promoción y garantía de derechos | C27: =SUM('ESPECIFICACIONES TECNICAS'!R190:R202) -> 5784788.2 | D27: =C27*19% -> 1099109.8 | E27: =C27+D27 -> 6883898 | F27: =SUM('ESPECIFICACIONES TECNICAS'!V190:V202) -> 5742605 | G27: =F27*19% -> 1091095 | H27: =F27+G27 -> 6833700
B28: Componente 2: Posicionamiento y promoción del buen trato en jornadas locales | C28: =C29+C30+C31 -> 57367751 | D28: =C28*19% -> 10899873 | E28: =C28+D28 -> 68267624 | F28: =F29+F30+F31 -> 60177135 | G28: =F28*19% -> 11433656 | H28: =F28+G28 -> 71610790
A29: Act | B29: a. Festival de talentos "En mi barrio soy feliz" | C29: =SUM('ESPECIFICACIONES TECNICAS'!R205:R217) -> 21659104 | D29: =C29*19% -> 4115229.8 | E29: =C29+D29 -> 25774334 | F29: =SUM('ESPECIFICACIONES TECNICAS'!V205:V217) -> 21822592 | G29: =F29*19% -> 4146292.4 | H29: =F29+G29 -> 25968884
A30: Act | B30: b. Cine foro juvenil “Saca lo mejor de ti” | C30: =SUM('ESPECIFICACIONES TECNICAS'!R219:R225) -> 3867651.8 | D30: =C30*19% -> 734853.83 | E30: =C30+D30 -> 4602505.6 | F30: =SUM('ESPECIFICACIONES TECNICAS'!V219:V225) -> 3693435.4 | G30: =F30*19% -> 701752.72 | H30: =F30+G30 -> 4395188.1
A31: Act | B31: c. Foro Interinstitucional por el Buen Trato - “Compromiso Local por Familias Libres de Violencia” | C31: =SUM('ESPECIFICACIONES TECNICAS'!R227:R235) -> 31840996 | D31: =C31*19% -> 6049789.1 | E31: =C31+D31 -> 37890785 | F31: =SUM('ESPECIFICACIONES TECNICAS'!V227:V235) -> 34661108 | G31: =F31*19% -> 6585610.4 | H31: =F31+G31 -> 41246718
A32: Act | B32: Componente 3: Seguimiento y evaluación del proyecto | C32: ='ESPECIFICACIONES TECNICAS'!R237 -> 11720002 | D32: =C32*19% -> 2226800.4 | E32: =C32+D32 -> 13946802 | F32: ='ESPECIFICACIONES TECNICAS'!V237 -> 11720002 | G32: =F32*19% -> 2226800.4 | H32: =F32+G32 -> 13946802
B33: Meta - 2026: Vincular 1000 personas en acciones para la prevención del feminicidio y la violencia contra la mujer. | C33: =C34+C35+C38+C42 -> 6.7378424e+08 | D33: =C33*19% -> 1.2801901e+08 | E33: =C33+D33 -> 8.0180325e+08 | F33: =F34+F35+F38+F42 -> 6.8198004e+08 | G33: =F33*19% -> 1.2957621e+08 | H33: =F33+G33 -> 8.1155624e+08
B34: TH | C34: =SUM('ESPECIFICACIONES TECNICAS'!R239:R241) -> 58600010 | D34: =C34*19% -> 11134002 | E34: =C34+D34 -> 69734012 | F34: =SUM('ESPECIFICACIONES TECNICAS'!V239:V241) -> 58600010 | G34: =F34*19% -> 11134002 | H34: =F34+G34 -> 69734012
B35: Componente 1 - 55568 DDifMujer: Fechas conmemorativas 25N y 4D. | C35: =C36+C37 -> 1.4138639e+08 | D35: =C35*19% -> 26863413 | E35: =C35+D35 -> 1.682498e+08 | F35: =F36+F37 -> 1.4442857e+08 | G35: =F35*19% -> 27441428 | H35: =F35+G35 -> 1.7187e+08
A36: Act | B36: a. Carrera de la mujer - 5K | C36: =SUM('ESPECIFICACIONES TECNICAS'!R244:R269) -> 1.3051086e+08 | D36: =C36*19% -> 24797064 | E36: =C36+D36 -> 1.5530793e+08 | F36: =SUM('ESPECIFICACIONES TECNICAS'!V244:V269) -> 1.3376004e+08 | G36: =F36*19% -> 25414407 | H36: =F36+G36 -> 1.5917444e+08
A37: Act | B37: b. Acto de memoria por la vida de las mujeres. | C37: =SUM('ESPECIFICACIONES TECNICAS'!R271:R284) -> 10875524 | D37: =C37*19% -> 2066349.5 | E37: =C37+D37 -> 12941873 | F37: =SUM('ESPECIFICACIONES TECNICAS'!V271:V284) -> 10668534 | G37: =F37*19% -> 2027021.6 | H37: =F37+G37 -> 12695556
B38: Componente 2 - 55568 DDifMujer: Resignificación de espacios inseguros, prevención de acoso callejero y acoso sexual | C38: =C39+C40+C41 -> 2.0093853e+08 | D38: =C38*19% -> 38178321 | E38: =C38+D38 -> 2.3911686e+08 | F38: =F39+F40+F41 -> 2.0602647e+08 | G38: =F38*19% -> 39145030 | H38: =F38+G38 -> 2.451715e+08
A39: Act | B39: a. Muralismo colectivo | C39: =SUM('ESPECIFICACIONES TECNICAS'!R287:R307) -> 63374886 | D39: =C39*19% -> 12041228 | E39: =C39+D39 -> 75416115 | F39: =SUM('ESPECIFICACIONES TECNICAS'!V287:V307) -> 68801339 | G39: =F39*19% -> 13072254 | H39: =F39+G39 -> 81873593
A40: Act | B40: b. Intervenciones de urbanismo táctico | C40: =SUM('ESPECIFICACIONES TECNICAS'!R309:R321) -> 63755046 | D40: =C40*19% -> 12113459 | E40: =C40+D40 -> 75868505 | F40: =SUM('ESPECIFICACIONES TECNICAS'!V309:V321) -> 63738361 | G40: =F40*19% -> 12110289 | H40: =F40+G40 -> 75848650
A41: Act | B41: c. Mecanismos de fortalecimiento de capacidades y liderazgo comunitario | C41: =SUM('ESPECIFICACIONES TECNICAS'!R323:R340) -> 73808602 | D41: =C41*19% -> 14023634 | E41: =C41+D41 -> 87832236 | F41: =SUM('ESPECIFICACIONES TECNICAS'!V323:V340) -> 73486774 | G41: =F41*19% -> 13962487 | H41: =F41+G41 -> 87449261
B42: Componente 3 - 55568 DDifMujer: Espacios de intercambio de saberes, fortalecimiento de capacidades y redes comunitarias | C42: =C43+C44+C45+C46 -> 2.7285931e+08 | D42: =C42*19% -> 51843269 | E42: =C42+D42 -> 3.2470258e+08 | F42: =F43+F44+F45+F46 -> 2.7292498e+08 | G42: =F42*19% -> 51855747 | H42: =F42+G42 -> 3.2478073e+08
A43: Act | B43: a. Escuela de defensa personal para mujeres | C43: =SUM('ESPECIFICACIONES TECNICAS'!R343:R353) -> 47346561 | D43: =C43*19% -> 8995846.5 | E43: =C43+D43 -> 56342407 | F43: =SUM('ESPECIFICACIONES TECNICAS'!V343:V353) -> 46807622 | G43: =F43*19% -> 8893448.2 | H43: =F43+G43 -> 55701070
A44: Act | B44: b. Podcast “Voces para una vida libre de violencias | C44: =SUM('ESPECIFICACIONES TECNICAS'!R355:R370) -> 1.0204928e+08 | D44: =C44*19% -> 19389363 | E44: =C44+D44 -> 1.2143864e+08 | F44: =SUM('ESPECIFICACIONES TECNICAS'!V355:V370) -> 1.0182553e+08 | G44: =F44*19% -> 19346850 | H44: =F44+G44 -> 1.2117238e+08
A45: Act | B45: c. Espacios de escucha y acompañamiento colectivo | C45: =SUM('ESPECIFICACIONES TECNICAS'!R372:R392) -> 55478215 | D45: =C45*19% -> 10540861 | E45: =C45+D45 -> 66019075 | F45: =SUM('ESPECIFICACIONES TECNICAS'!V372:V392) -> 56334584 | G45: =F45*19% -> 10703571 | H45: =F45+G45 -> 67038155
A46: Act | B46: d. Formación de productos con textiles reutilizables | C46: =SUM('ESPECIFICACIONES TECNICAS'!R394:R399) -> 67985259 | D46: =C46*19% -> 12917199 | E46: =C46+D46 -> 80902458 | F46: =SUM('ESPECIFICACIONES TECNICAS'!V394:V399) -> 67957248 | G46: =F46*19% -> 12911877 | H46: =F46+G46 -> 80869125
